 Dungeon Crawl Stone Soup version 0.26.1-2-gb8aa6d0cf2 (webtiles) character file.

Game seed: 17098117821166632578

11865121 Ijustatesigmund the Conqueror (level 27, 199/199 HPs)
             Began as a Gargoyle Fighter on Jan 14, 2021.
             Was the Champion of Okawaru.
             Escaped with the Orb
             ... and 15 runes on Feb 11, 2021!
             The game lasted 07:21:31 (139933 turns).

Ijustatesigmund the Conqueror (Gargoyle Fighter)  Turns: 139933, Time: 07:21:31

Health: 199/199    AC: 72    Str: 33    XL:     27
Magic:  40/40      EV: 28    Int: 12    God:    Okawaru [******]
Gold:   8878       SH: 31    Dex: 18    Spells: 11/26 levels left

rFire    + + +     SeeInvis +   a - +7 demon whip (vamp)
rCold    . . .     Faith    .   v - +2 tower shield {rF+}
rNeg     + + +     Spirit   .   g - +6 pearl dragon scales
rPois    ∞         Reflect  .   b - +2 helmet {Int+3}
rElec    +         Harm     .   o - +2 cloak {rCorr}
rCorr    +         Rampage  .   f - +0 pair of gloves of Legaxt {rN+ rCorr Str+5 Int+2}
Will     ++...     Clarity  +   D - +5 pair of boots "Mounyc" {rElec rF+ rN+}
Stlth    ++........             d - amulet of regeneration
HPRegen  0.83/turn              k - ring of Autumn {AC+4 Str+3 Int+3}
MPRegen  0.27/turn              q - ring "Riomnud" {+Inv rF+ Int-4 Slay+5 Stlth+}

@: flying
A: big wings, hooves 1, molten scales 1, see invisible, clarity, negative energy
resistance 1, electricity resistance, unbreathing, petrification resistance,
miasma immunity, AC +20
0: Orb of Zot
}: 15/15 runes: barnacled, slimy, silver, golden, iron, obsidian, icy, bone,
abyssal, demonic, glowing, magical, fiery, dark, gossamer
a: Stop Flying, Renounce Religion, Evoke Invisibility, Heroism, Finesse


You escaped.
You worshipped Okawaru.
Okawaru was exalted by your worship.
You visited 18 branches of the dungeon, and saw 89 of its levels.
You visited Pandemonium 2 times, and saw 17 of its levels.
You visited the Abyss 1 time.
You visited 2 ziggurats, and saw 28 of their levels (deepest: 16).
You also visited: Sewer, Ossuary, Ice Cave and Wizlab.

You collected 18958 gold pieces.
You spent 10080 gold pieces at shops.

Inventory:

Hand Weapons
 a - a +7 vampiric demon whip (weapon)
 m - a +9 sacred scourge of holy wrath
Missiles
 J - 49 silver javelins (quivered)
Armour
 b - a +2 helmet of intelligence (worn)
 f - the +0 pair of gloves of Legaxt (worn) {rN+ rCorr Str+5 Int+2}
   (Okawaru gifted it to you in Pandemonium)

   It affects your strength (+5).
   It affects your intelligence (+2).
   It protects you from negative energy.
   It provides partial protection from all sources of acid and corrosion.
 g - +6 pearl dragon scales (worn)
 l - +4 fire dragon scales {Xtahua}
 o - a +2 cloak of preservation (worn)
 u - a +5 kite shield of protection
 v - a +2 tower shield of fire resistance (worn)
 y - a scarf of repulsion
 D - the +5 pair of boots "Mounyc" (worn) {rElec rF+ rN+}
   (Okawaru gifted it to you on level 8 of a ziggurat)

   It protects you from fire.
   It insulates you from electricity.
   It protects you from negative energy.
 O - the +6 crystal plate armour "Paenuatz" {rC++ Str-5}
   (Okawaru gifted it to you on level 1 of the Crypt)

   It affects your strength (-5).
   It greatly protects you from cold.
 V - a +2 pair of boots of running
Jewellery
 d - an amulet of regeneration (around neck)
 k - the ring of Autumn (left hand) {AC+4 Str+3 Int+3}
   (You found it on level 7 of Tartarus)

   [ring of protection]

   It affects your AC (+4).
   It affects your strength (+3).
   It affects your intelligence (+3).
 p - a +6 ring of intelligence
 q - the ring "Riomnud" (right hand) {+Inv rF+ Int-4 Slay+5 Stlth+}
   (You took it off a tengu reaver on level 4 of the Depths)

   [ring of protection from fire]

   It affects your intelligence (-4).
   It affects your accuracy and damage with ranged weapons and melee attacks
   (+5).
   It protects you from fire.
   It lets you turn invisible.
   It makes you more stealthy.
 w - the ring "Giuqoac" {Will+ rCorr Int+7}
   (You found it on level 4 of the Depths)

   [ring of resist corrosion]

   It affects your intelligence (+7).
   It affects your willpower, your defense against some magical effects.
   It provides partial protection from all sources of acid and corrosion.
 B - the ring of Pantheism {rF- rN++ AC+4 Str+9 Dex-3}
   (You bought it in a shop on level 4 of the Vaults)

   [ring of protection]

   It affects your AC (+4).
   It affects your strength (+9).
   It affects your dexterity (-3).
   It makes you vulnerable to fire.
   It greatly protects you from negative energy.
 H - the ring of Xepnabotz {*Drain rElec rN+++ Will+ Dex+3}
   (You found it in Pandemonium)

   [ring of willpower]

   It affects your dexterity (+3).
   It insulates you from electricity.
   It renders you almost immune to negative energy.
   It affects your willpower, your defense against some magical effects.
   It causes draining when unequipped.
 L - the ring "Rulidisu" {rF+ rC+}
   (You found it on level 3 of the Depths)

   [ring of protection from fire]

   It protects you from fire.
   It protects you from cold.
 N - the amulet "Kovemiafargh" {Spirit Slay+5}
   (You found it in Pandemonium)

   [amulet of guardian spirit]

   It causes incoming damage to be split between your health and magic.
   It affects your accuracy and damage with ranged weapons and melee attacks
   (+5).
 T - an uncursed ring of fire
 W - the ring of the Evil One {rF++ AC+4}
   (You found it on level 15 of a ziggurat)

   [ring of protection]

   It affects your AC (+4).
   It greatly protects you from fire.
Wands
 E - a wand of iceblast (31)
 R - a wand of acid (42)
 X - a wand of digging (9)
Scrolls
 c - 4 scrolls of identify
 h - 14 scrolls of fog
 i - 8 scrolls of silence
 r - 8 scrolls of immolation
 s - 3 scrolls of holy word
 t - 20 scrolls of teleportation
 x - 6 scrolls of summoning
 z - 8 scrolls of blinking
 C - a scroll of amnesia
 F - 13 scrolls of fear
 G - 39 scrolls of remove curse
 Q - 6 scrolls of brand weapon
Potions
 e - 5 potions of brilliance
 j - a potion of haste
 n - 9 potions of magic
 A - 5 potions of mutation
 I - 19 potions of ambrosia
 P - 9 potions of cancellation
 S - 26 potions of curing
 U - 4 potions of resistance
 Y - a potion of berserk rage
 Z - 6 potions of heal wounds
Miscellaneous
 K - a condenser vane
 M - a phantom mirror


   Skills:
 O Level 27 Fighting
 O Level 27 Maces & Flails
 + Level 23.8 Throwing
 O Level 27 Armour
 - Level 22.1 Dodging
 - Level 15.3 Stealth
 O Level 27 Shields
 - Level 16.3 Translocations
 - Level 11.8 Transmutations
 O Level 27 Earth Magic
 O Level 27 Invocations
 + Level 26.1 Evocations


You had 11 spell levels left.
You knew the following spells:

 Your Spells              Type           Power        Failure   Level
a - Apportation           Tloc           78%          1%          1
b - Blink                 Tloc           N/A          1%          2
c - Wereblood             Tmut           28%          1%          2
d - Lesser Beckoning      Tloc           19%          1%          3
e - Lee's Rapid Deconstr  Erth           29%          1%          5
f - Passwall              Tmut/Erth      38%          1%          2

Your spell library contained the following spells:

 Spells                   Type           Power        Failure   Level
 Sandblast                Erth           100%         0%          1
 Beastly Appendage        Tmut           56%          1%          1
 Gell's Gravitas          Tloc           19%          1%          3
 Stone Arrow              Conj/Erth      64%          1%          3
 Leda's Liquefaction      Hex/Erth       16%          1%          4
 Passage of Golubria      Tloc           N/A          1%          4
 Petrify                  Tmut/Erth      46%          1%          4
 Sting                    Tmut/Pois      56%          4%          1
 Portal Projectile        Hex/Tloc       38%          4%          3
 Borgnjor's Vile Clutch   Necr/Erth      16%          4%          5
 Dispersal                Tloc           19%          9%          6
 Blade Hands              Tmut           14%          10%         5
 Spider Form              Tmut/Pois      7%           12%         3
 Iskenderun's Mystic Bla  Conj/Tloc      19%          17%         4
 Ignite Poison            Fire/Tmut/Pois 9%           28%         3
 Iron Shot                Conj/Erth      16%          28%         6
 Bolt of Magma            Conj/Fire/Erth 10%          32%         5
 Ice Form                 Ice/Tmut       14%          38%         4
 Animate Skeleton         Necr           0%           43%         1
 Corona                   Hex            0%           43%         1
 Foxfire                  Conj/Fire      0%           43%         1
 Freeze                   Ice            0%           43%         1
 Magic Dart               Conj           0%           43%         1
 Pain                     Necr           0%           43%         1
 Shock                    Conj/Air       0%           43%         1
 Summon Small Mammal      Summ           0%           43%         1
 Summon Forest            Summ/Tloc      9%           43%         5
 Hydra Form               Tmut           14%          50%         6
 Call Imp                 Summ           0%           56%         2
 Corpse Rot               Necr/Air       N/A          56%         2
 Ensorcelled Hibernation  Hex/Ice        0%           56%         2
 Poisonous Vapours        Pois/Air       0%           56%         2
 Searing Ray              Conj           0%           56%         2
 Slow                     Hex            0%           56%         2
 Swiftness                Air            0%           56%         2
 Shatter                  Erth           29%          58%         9
 Alistair's Intoxication  Tmut/Pois      9%           75%         5
 Irradiate                Conj/Tmut      7%           75%         5
 Yara's Violent Unravell  Hex/Tmut       7%           75%         5
 Call Canine Familiar     Summ           0%           80%         3
 Confusing Touch          Hex            0%           80%         3
 Conjure Flame            Conj/Fire      0%           80%         3
 Dazzling Flash           Conj/Hex       0%           80%         3
 Frozen Ramparts          Ice            0%           80%         3
 Inner Flame              Hex/Fire       0%           80%         3
 Mephitic Cloud           Conj/Pois/Air  0%           80%         3
 Ozocubu's Armour         Ice            0%           80%         3
 Static Discharge         Conj/Air       0%           80%         3
 Summon Guardian Golem    Hex/Summ       0%           80%         3
 Tukima's Dance           Hex            0%           80%         3
 Vampiric Draining        Necr           0%           80%         3
 Dragon Form              Tmut           14%          97%         7
 Disjunction              Tloc           19%          98%         8
 Airstrike                Air            0%           99%         4
 Animate Dead             Necr           0%           99%         4
 Cause Fear               Hex            0%           99%         4
 Dispel Undead            Necr           0%           99%         4
 Fulminant Prism          Conj/Hex       0%           99%         4
 Hailstorm                Conj/Ice       0%           99%         4
 Olgreb's Toxic Radiance  Pois           0%           99%         4
 Sticky Flame             Conj/Fire      0%           99%         4
 Summon Ice Beast         Ice/Summ       0%           99%         4
 Summon Lightning Spire   Summ/Air       0%           99%         4
 Eringya's Noxious Bog    Tmut/Pois      7%           99%         6
 Agony                    Necr           0%           100%        5
 Excruciating Wounds      Necr           0%           100%        5
 Fireball                 Conj/Fire      0%           100%        5
 Iskenderun's Battlesphe  Conj           0%           100%        5
 Lightning Bolt           Conj/Air       0%           100%        5
 Metabolic Englaciation   Hex/Ice        0%           100%        5
 Silence                  Hex/Air        0%           100%        5
 Summon Demon             Summ           0%           100%        5
 Summon Mana Viper        Hex/Summ       0%           100%        5
 Conjure Ball Lightning   Conj/Air       0%           100%        6
 Freezing Cloud           Conj/Ice/Air   0%           100%        6
 Invisibility             Hex            0%           100%        6
 Ozocubu's Refrigeration  Ice            0%           100%        6
 Shadow Creatures         Summ           N/A          100%        6
 Simulacrum               Ice/Necr       0%           100%        6
 Starburst                Conj/Fire      0%           100%        6
 Malign Gateway           Summ/Tloc      9%           100%        7
 Orb of Destruction       Conj           0%           100%        7
 Spellforged Servitor     Conj/Summ      0%           100%        7
 Summon Hydra             Summ           0%           100%        7
 Chain Lightning          Conj/Air       0%           100%        8
 Discord                  Hex            0%           100%        8
 Ignition                 Fire           0%           100%        8
 Lehudib's Crystal Spear  Conj/Erth      16%          100%        8
 Absolute Zero            Ice            0%           100%        9
 Fire Storm               Conj/Fire      0%           100%        9
 Tornado                  Air            0%           100%        9
 Statue Form              Tmut/Erth      Unusable     N/A         6
 Sublimation of Blood     Necr           Unusable     N/A         2

Dungeon Overview and Level Annotations

Branches:
Dungeon (15/15)            Temple (1/1) D:6            Lair (6/6) D:11
 Shoals (4/4) Lair:2       Spider (4/4) Lair:4        Slime (5/5) Lair:6
    Orc (2/2) D:12            Elf (3/3) Orc:2        Vaults (5/5) D:13
  Crypt (3/3) Vaults:3       Tomb (3/3) Crypt:3      Depths (5/5) D:15
   Hell (visited)             Dis (7/7) Hell            Geh (7/7) Hell
    Coc (7/7) Hell            Tar (7/7) Hell            Zot (5/5) Depths:5
  Sewer (visited)         Ossuary (visited)           IceCv (visited)
 WizLab (visited)

Altars:
Ashenzari
Cheibriados
Dithmenos
Elyvilon
Fedhas
Gozag
Hepliaklqana
Kikubaaqudgha
Makhleb
Nemelex Xobeh
Okawaru
Qazlal
Ru
Sif Muna
Trog
Uskayaw
Vehumet
Wu Jian
Xom
Yredelemnul
Zin
The Shining One
Jiyva

Shops:
D:4 =   Orc:2 ?:?:   Elf:2 :   Shoals:1 *   Vaults:1 !   Vaults:2 (?
Vaults:3 [   Vaults:4 =   Depths:1 [(*   Depths:3 [   Depths:4 ([(}

Portals:
Hell: Depths:1 Depths:2 Depths:3 Depths:4 Depths:5
Abyss: Spider:1 Depths:2 Depths:3 Depths:4
Pandemonium: Depths:3 Depths:4
Trove: D:10 (give +2 gold dragon scales)

Annotations:
D:7 1 runed translucent door
Lair:2 exclusion: oklob plant


Innate Abilities, Weirdness & Mutations

You are resistant to torment.
Your stone body is resilient. (AC +20)
You are immune to poison.
Your large and strong wings let you fly indefinitely.
You resist negative energy. (rN+)
You are resistant to electric shocks. (rElec)
You can survive without breathing.
You are immune to petrification.
You are immune to miasma.
You have large cloven feet.
You are partially covered in molten scales. (AC +2)
You have supernaturally acute eyesight. (SInv)
You possess an exceptional clarity of mind.


Message History

(Y) Tartarus (Z) Zot
Where to? (Enter - D:5, ? - help)
You see here 3 large rocks.
There is a stone staircase leading up here.
You fly upwards.
There is a stone staircase leading down here.
You see here a ring mail.
There is a stone staircase leading up here.
You fly upwards.
There is a stone staircase leading down here.
Aiming: Dig
Press: ? - help, Shift-Dir - straight line A rock wall.
This square is covered in magical glow.
The rock shatters into small pieces.
You see here a stone.
There is an open door here.
You see here a stone.
There is a staircase leading out of the dungeon here.
You have escaped!

#........ #.####... ###.# #... ##
#.#.####.#. .# ###.#.##...)#
.####################......#.#...
................................>
.#########.####.#####...#....#...
..##### #.# #.@# ###.#.####.#.
......# #.# #### #.#.####.##
......####'####### #.#........
......#...)......# #.#..##.###
......#..........# #.#...#.###
...)..#..........# ###.#####....
##(####..........# #...# #####
..(......#+##########.###
(........#.# #....#...#


There were no monsters in sight!

Vanquished Creatures
  Cerebov (Pan)
  Antaeus (Coc:7)
  Asmodeus (Geh:7)
  the Royal Jelly (Slime:5)
  Ereshkigal (Tar:7)
  Gloorx Vloq (Pan)
  Dissolution (Slime:4)
  A seraph (Pan)
  Lom Lobon (Pan)
  the Serpent of Hell (Tar:7)
  Mnoleg (Pan)
  Dispater (Dis:7)
  10 orbs of fire
  6 ancient liches
  Mennas (Crypt:1)
  5 juggernauts
  Sojobo (Depths:3)
  14 royal mummies
  Bai Suzhen (Shoals:3)
  18 shard shrikes
  9 Killer Klowns
  5 caustic shrikes
  Frederick (Tomb:3)
  Saint Roka (Depths:3)
  Xtahua (Depths:5)
  A curse toe (Zot:2)
  2 pandemonium lords (Pan)
  Geryon (Hell)
  15 golden dragons
  68 Brimstone Fiends
  Arachne (Spider:2)
  25 bone dragons
  59 Tzitzimimeh
  Jory (Depths:4)
  22 doom hounds
  Rupert (D:14)
  2 electric golems (Zot:5)
  12 iron giants
  Jorgrun (D:12)
  5 hellephants
  16 Hell Sentinels
  24 Ice Fiends
  25 tentacled monstrosities
  23 liches
  26 Orb Guardians
  Asterion (Elf:1)
  A quicksilver dragon (shapeshifter) (Vaults:5)
  2 deep elf master archers (Elf:3)
  4 titans
  A sphinx (shapeshifter) (Zig:12)
  26 acid blobs
  7 quicksilver dragons
  17 ancient champions
  20 sphinxes
  2 deep elf blademasters (Elf:3)
  3 tentacled starspawn
  29 Executioners
  7 death cobs
  37 shadow dragons
  The ghost of Detar the Severer, an adept HOFi of Beogh (Spider:1)
  8 draconian monks
  8 azure jellies
  21 storm dragons
  12 daevas
  5 draconian knights
  10 revenants
  A fire giant (shapeshifter) (Zig:5)
  12 fire giants
  17 tengu reavers
  3 nagarajas (Zig:14)
  An azure jelly (shapeshifter) (Zig:10)
  13 iron dragons
  3 ghost moths
  21 frost giants
  4 orc warlords
  19 cacodemons
  10 curse skulls
  26 angels (Pan)
  7 warmongers (Pan)
  7 deep elf sorcerers
  2 caustic shrike zombies
  5 emperor scorpions
  Aizul (Crypt:1)
  Louise (Depths:2)
  46 balrugs
  18 vault wardens
  6 draconian scorchers
  5 deep elf elementalists
  7 draconian stormcallers
  3 corrupters (Pan)
  37 very ugly things
  3 ghouls
  The ghost of Cown the Bludgeoner, a journeyman TrHu of Yredelemnul (D:13)
  8 draconian shifters
  A spriggan defender (Depths:4)
  26 war gargoyles
  24 stone giants
  13 ophanim (Pan)
  6 elemental wellsprings
  8 draconian annihilators
  3 juggernaut skeletons
  17 ironheart preservers
  A blood saint (Pan)
  17 apis (Pan)
  117 reapers
  3 black suns (Pan)
  20 green draconians
  17 vampire knights
  8 entropy weavers
  13 deep elf annihilators
  7 deep elf demonologists
  11 lorocyprocas
  A spectral titan (Crypt:3)
  2 bunyips (Zig:11)
  13 spark wasps
  A dire elephant (Zot:2)
  21 white draconians
  29 red draconians
  16 black draconians
  30 blizzard demons
  14 purple draconians
  12 yellow draconians
  8 deep elf death magi
  9 eidola
  Snorg (Orc:1)
  15 green deaths
  5 merfolk javelineers (Shoals:4)
  9 death oozes
  16 quicksilver dragon zombies
  A shambling mangrove (Zig:11)
  21 ettins
  4 deep elf high priests
  4 jiangshi
  5 merfolk impalers
  10 rakshasas
  20 mummy priests
  Josephine (D:12)
  24 ice dragons
  16 great orbs of eyes
  11 fire dragons
  15 yaktaur captains
  2 kraken zombies
  4 naga warriors (Zig:14)
  A catoblepas (shapeshifter) (Vaults:4)
  A catoblepas (Lair:6)
  A spectral shadow dragon (Crypt:3)
  2 spriggan air magi
  16 quicksilver dragon skeletons
  4 ghost crabs
  34 vault guards
  7 monstrous demonspawn
  A hell beast (Hell)
  An anaconda (Zig:14)
  Erica (D:10)
  10 death knights
  15 hydras
  15 boulder beetles
  An alligator snapping turtle (Shoals:4)
  4 satyrs
  An anaconda (shapeshifter) (Vaults:5)
  45 two-headed ogres
  6 death yaks
  7 tengu warriors
  A two-headed ogre (shapeshifter) (Vaults:5)
  19 ogre magi
  16 centaur warriors
  11 deep troll shamans
  A spectral stone giant (Crypt:3)
  An alligator (Zig:11)
  15 vampire magi
  49 hell hogs
  12 titan zombies
  64 death scarabs
  8 deep troll earth magi
  2 thrashing horrors
  27 dancing weapons
  40 large abominations
  4 shock serpents (Zig:14)
  Urug (D:13)
  9 orc high priests
  8 spriggan berserkers
  7 titan skeletons
  7 naga sharpshooters
  11 storm dragon zombies
  Sonja (D:11)
  2 spriggans (Depths:5)
  22 deep elf knights
  52 hell knights
  61 sun demons
  7 iron golems
  Nergalle (Lair:4)
  245 skeletal warriors
  42 soul eaters
  17 sixfirhies
  14 iron trolls
  7 golden dragon zombies
  A bunyip zombie (Crypt:1)
  A spectral ghost moth (Crypt:3)
  37 shadow wraiths
  A quicksilver dragon simulacrum (Coc:4)
  6 ghost moth zombies
  4 salamander mystics (Depths:5)
  2 unseen horrors
  3 spriggan druids (Zig:11)
  2 torturous demonspawn (Pan)
  7 infernal demonspawn
  7 death drakes
  16 storm dragon skeletons
  A kraken simulacrum (Hell)
  3 gelid demonspawn (Pan)
  A spark wasp zombie (Zig:7)
  32 flayed ghosts
  11 cherubim (Pan)
  2 swamp dragons
  16 anaconda zombies
  12 sea snakes
  7 bog bodies
  24 deep trolls
  32 shadow demons
  5 obsidian statues
  11 wizards
  5 lindwurms (Depths:5)
  11 glowing orange brains
  9 wolf spider zombies
  17 harpies
  10 shadow dragon zombies
  A spectral wolf spider (Crypt:3)
  60 phantasmal warriors
  9 anaconda skeletons
  10 golden dragon skeletons
  77 deep elf magi
  5 tengu zombies
  19 deep elf archers
  A mana viper (shapeshifter) (Vaults:4)
  3 orange crystal statues
  11 orc knights
  A sphinx zombie (Crypt:1)
  12 ironbrand convokers
  A mana viper (Zig:14)
  5 shining eyes
  15 necromancers
  6 orc sorcerers
  33 wolf spiders
  A spectral ettin (Crypt:3)
  15 iron dragon zombies
  23 orb spiders
  3 cyclopes (shapeshifter)
  21 fauns
  2 worldbinders
  67 ugly things
  A moth of wrath (shapeshifter) (Zig:10)
  12 salamanders
  13 frost giant zombies
  48 moths of wrath
  2 tengu skeletons
  9 dire elephant zombies
  A sphinx skeleton (Vaults:3)
  12 stone giant zombies
  23 fire giant zombies
  A will-o-the-wisp (Zig:11)
  9 cyclopes
  14 stone giant skeletons
  8 manticores
  Maurice (Orc:1)
  Joseph (D:8)
  8 shadow dragon skeletons
  18 elephants
  9 iron dragon skeletons
  A titan simulacrum (Coc:2)
  7 merfolk sirens
  3 naga magi (Zig:14)
  2 apocalypse crabs
  9 molten gargoyles
  10 black mambas
  3 gargoyles (Zig:15)
  4 guardian serpents (Zig:14)
  52 rust devils
  17 vault sentinels
  6 eyes of devastation
  32 smoke demons
  4 water nymphs
  14 frost giant skeletons
  4 shock serpent zombies
  A guardian serpent (shapeshifter) (D:15)
  10 cane toads
  4 ice statues
  2 storm dragon simulacra (Coc:1)
  9 fire giant skeletons
  5 torpor snails
  4 emperor scorpion zombies
  6 spriggan zombies
  Maggie (D:8)
  2 cane toads (shapeshifter)
  64 hellions
  37 orange demons
  A swamp worm zombie (Crypt:1)
  4 shock serpent skeletons
  14 efreet
  2 minotaur zombies
  10 dire elephant skeletons
  85 tormentors
  69 freezing wraiths
  2 golden dragon simulacra
  4 rime drakes
  39 yaktaurs
  5 ancient zymes (Abyss:3)
  89 ice devils
  26 demonic crawlers
  3 catoblepas zombies
  2 catoblepas skeletons
  A purple draconian zombie (Geh:7)
  8 komodo dragons
  A yaktaur skeleton (Vaults:3)
  45 guardian mummies
  20 hellwings
  5 tengu conjurers
  6 silent spectres
  79 red devils
  10 anaconda simulacra
  46 jumping spiders
  An iron troll skeleton (Crypt:2)
  36 hydra zombies
  7 harpy zombies
  A queen bee (Spider:3)
  2 tyrant leeches (Zig:11)
  A meliai (shapeshifter) (Vaults:1)
  3 meliai
  11 trolls
  8 wind drakes
  A tengu simulacrum (Vaults:2)
  A jumping spider (shapeshifter) (Depths:3)
  23 merfolk
  19 ettin zombies
  18 hornets
  2 polar bears (Lair:2)
  27 blink frogs
  5 dream sheep
  5 harpy skeletons
  9 snapping turtles
  15 fire dragon zombies
  A death drake skeleton (Crypt:3)
  8 hydra skeletons
  109 slime creatures
  2 deep troll zombies
  11 ice dragon zombies
  8 raiju
  13 alligator zombies
  A frost giant simulacrum (Tar:4)
  10 ice dragon skeletons
  An air elemental (Elf:3)
  14 fire dragon skeletons
  5 centaur simulacra
  2 redbacks (shapeshifter)
  291 flying skulls
  89 redbacks
  33 water elementals
  13 ettin skeletons
  71 shadows
  5 alligator skeletons
  2 vampires (D:10)
  Eustachio (D:4)
  54 fire elementals
  4 black mamba zombies
  61 yaks
  72 wraiths
  A wyvern (shapeshifter) (D:15)
  23 ynoxinuls (Pan)
  4 dire elephant simulacra
  3 black mamba skeletons
  36 tarantellas
  13 ushabtiu
  8 wyverns
  9 basilisks
  6 humans (Zot:2)
  Grum (D:8)
  A hog (shapeshifter) (Depths:4)
  14 golden eyes (Pan)
  18 neqoxecs
  2 yaktaur simulacra (Vaults:3)
  2 steam dragons (D:8)
  19 chaos spawn
  2 vampire mosquitoes (D:15)
  A catoblepas simulacrum (Tar:7)
  A merfolk zombie (Coc:3)
  2 wargs
  2 harpy simulacra
  2 iron troll simulacra (IceCv)
  4 soldier ants (D:7)
  A two-headed ogre zombie (Crypt:2)
  4 hydra simulacra
  6 acid dragons
  An acid dragon (shapeshifter) (D:15)
  21 cane toad zombies
  A monstrous demonspawn zombie (Tar:4)
  6 nagas
  A water nymph skeleton (Crypt:3)
  2 floating eyes (shapeshifter)
  4 floating eyes
  130 hell hounds
  18 water moccasins
  A lindwurm zombie (Crypt:2)
  8 sky beasts
  A spectral snapping turtle (Crypt:3)
  3 deep troll skeletons
  A merfolk skeleton (Coc:1)
  53 orc warriors
  4 swamp dragon zombies
  2 swamp drakes (Depths:5)
  Purgy (Sewer)
  18 ice beasts
  An ice dragon simulacrum (Coc:2)
  A hornet zombie (D:13)
  An ettin simulacrum (IceCv)
  2 black bears (Lair:6)
  10 cane toad skeletons
  17 phantoms
  An alligator simulacrum (IceCv)
  5 eyes of draining
  3 manticore zombies
  9 snapping turtle zombies
  A fire dragon simulacrum (Coc:6)
  37 ogres
  3 boggarts
  A wolf (shapeshifter) (Elf:1)
  12 wolves
  7 human skeletons
  19 snapping turtle skeletons
  An elephant skeleton (Crypt:2)
  51 necrophages
  32 centaurs
  3 manticore skeletons
  2 swamp dragon skeletons
  3 elf skeletons
  7 human zombies
  11 small abominations
  An octopode zombie (Crypt:2)
  4 big kobolds
  2 elf zombies
  24 bullfrogs
  A wyvern zombie (D:10)
  5 earth elementals
  A wyvern skeleton (D:13)
  3 scorpions
  A hornet simulacrum (D:14)
  4 troll zombies
  39 killer bees
  An elephant simulacrum (IceCv)
  2 howler monkeys
  A troll skeleton (Crypt:1)
  163 wights
  5 electric eels
  22 crimson imps
  5 draconian simulacra (IceCv)
  7 centaur zombies
  4 starcursed masses (Abyss:3)
  2 wyvern simulacra (D:14)
  A human simulacrum (Vaults:3)
  4 jellies
  A quasit (D:8)
  69 iron imps
  4 hounds
  4 bullfrog zombies
  23 orc priests
  7 centaur skeletons
  A gnoll shaman (D:4)
  33 orc wizards
  A demonspawn skeleton (Crypt:1)
  A bullfrog skeleton (D:3)
  6 hell rats (Hell)
  5 iguanas
  2 polar bear simulacra (IceCv)
  3 troll simulacra (IceCv)
  13 worker ants
  3 spriggan simulacra
  5 naga zombies
  7 ogre zombies
  A big kobold zombie (Ossuary)
  A naga skeleton (Geh:6)
  A felid skeleton (Crypt:3)
  An ogre skeleton (Geh:6)
  4 hound skeletons
  48 mummies
  2 howler monkey zombies
  4 gnolls
  3 ogre simulacra
  13 adders
  A naga simulacrum (IceCv)
  28 shadow imps
  47 white imps
  10 ufetubi
  A lava snake skeleton (Crypt:3)
  A halfling skeleton (Crypt:1)
  2 worms
  4 dart slugs
  2 leopard geckos
  53 orcs
  A bat zombie (Crypt:2)
  12 giant cockroaches
  7 goblins
  5 hobgoblins
  6 jackals
  7 quokkas
  A ball python (D:4)
  12 bats
  6 frilled lizards
  A frilled lizard skeleton (Crypt:3)
  2 goblin skeletons (D:12)
  A goblin zombie (D:12)
  2 hobgoblin skeletons (D:12)
  4 hobgoblin zombies
  A jackal zombie (D:8)
  20 kobolds
  A kobold skeleton (Geh:6)
  3 kobold zombies
  A leopard gecko zombie (D:6)
  4 orc skeletons
  10 orc zombies (D:12)
  2 quokka zombies (D:8)
  2 rats
  2 crawling corpses (Elf:3)
  2 starspawn tentacles (Abyss:3)
  4 tentacles (Hell)
6922 creatures vanquished.

Vanquished Creatures (others)
  A golden dragon (Depths:5)
  An eldritch tentacle (Pan)
  A draconian monk (Zot:2)
  A draconian scorcher (Zot:3)
  A reaper (Coc:6)
  An elemental wellspring (Coc:7)
  A hell hog (Geh:7)
  A shadow wraith (Zig:9)
  A glowing orange brain (Pan)
  A lindwurm (Depths:5)
  A deep elf mage (Elf:3)
  A tormentor (Geh:2)
  A blink frog (shapeshifter) (Depths:4)
  A shadow (Geh:7)
  A wraith (Dis:3)
  A chaos spawn (Pan)
  A fire elemental (Hell)
  A naga (Zig:14)
  A hell hound (Dis:1)
  A swamp drake (Depths:5)
  An ogre (Vaults:5)
  An earth elemental (Elf:2)
  3 wights
  An orc wizard (Zig:12)
  An iron imp (Dis:7)
  A kobold (D:14)
  2 ball lightnings (Pan)
  A bush (Lair:4)
  4 foxfires (Zig:11)
  14 fungi
  53 plants
  6 starspawn tentacles
  10 tentacles
118 creatures vanquished.

Grand Total: 7040 creatures vanquished

Notes
Turn   | Place    | Note
-------+----------+-------------------------------------------
     0 | D:1      | Ijustatesigmund the Gargoyle Fighter began the quest for
                  | the Orb.
     0 | D:1      | Reached XP level 1. HP: 14/14 MP: 1/1
   154 | D:1      | Reached XP level 2. HP: 19/19 MP: 2/2
   514 | D:1      | Reached XP level 3. HP: 23/23 MP: 3/3
   517 | D:1      | Reached skill level 1 in Dodging
  1172 | D:2      | Reached XP level 4. HP: 21/29 MP: 4/4
  2007 | D:3      | Found an ancient bone altar of Kikubaaqudgha.
  2052 | D:3      | Reached XP level 5. HP: 27/33 MP: 5/5
  2301 | D:4      | Found Pokkodgh's Jewellery Shop.
  2553 | D:4      | Noticed Eustachio
  2659 | D:4      | Killed Eustachio
  2660 | D:4      | Reached XP level 6. HP: 39/39 MP: 6/6
  3065 | D:5      | Entered Level 5 of the Dungeon
  3463 | D:5      | Found a sacrificial altar of Ru.
  3510 | D:5      | Noticed an ice beast
  3523 | D:5      | Killed an ice beast
  3524 | D:5      | Reached XP level 7. HP: 15/44 MP: 7/7
  4025 | D:5      | Reached skill level 5 in Fighting
  4025 | D:5      | Reached skill level 5 in Maces & Flails
  4228 | D:5      | Found a white marble altar of Elyvilon.
  4488 | D:6      | Found a sparkling altar of Nemelex Xobeh.
  4490 | D:6      | Found a bloodstained altar of Trog.
  4492 | D:6      | Found a blossoming altar of Fedhas.
  4493 | D:6      | Found an ornate altar of the Wu Jian Council.
  4623 | D:6      | Reached XP level 8. HP: 44/50 MP: 8/8
  4760 | D:6      | Found a glowing drain.
  4825 | Sewer    | Entered a sewer
  4856 | Sewer    | Noticed Purgy
  4882 | Sewer    | Killed Purgy
  5103 | D:6      | Found a snail-covered altar of Cheibriados.
  5160 | D:6      | Found a staircase to the Ecumenical Temple.
  5169 | Temple   | Entered the Ecumenical Temple
  5335 | D:7      | Reached skill level 5 in Armour
  5450 | D:7      | Found a runed translucent door.
  5454 | D:7      | Found a runed translucent gate.
  5456 | D:7      | Found the +9 staff of Olgreb {rPois∞}
  5459 | D:7      | Found a runed translucent door.
  5580 | D:4      | Bought an uncursed amulet of regeneration for 390 gold
                  | pieces
  5810 | D:7      | Found a runed translucent gate.
  5814 | D:7      | Found a runed translucent gate.
  5891 | D:7      | Reached XP level 9. HP: 57/57 MP: 9/9
  6526 | D:7      | Upgraded the game from 0.26.0-10-g1f06aea511 to
                  | 0.26.0-11-g8f856b5395
  6604 | D:8      | Found a sand-covered staircase.
  6611 | Ossuary  | Entered an ossuary
  6866 | D:8      | Noticed Maggie
  6995 | D:8      | Noticed Joseph
  7014 | D:8      | Killed Joseph
  7150 | D:8      | Reached XP level 10. HP: 65/65 MP: 10/10
  7516 | D:8      | Noticed Grum
  7533 | D:8      | Killed Grum
  7623 | D:8      | Killed Maggie
  7676 | D:8      | Reached skill level 10 in Fighting
  8230 | D:9      | Reached skill level 10 in Maces & Flails
  8382 | D:9      | Noticed a boulder beetle
  8453 | D:10     | Entered Level 10 of the Dungeon
  8453 | D:10     | Found a burning altar of Makhleb.
  8475 | D:10     | Found a glowing golden altar of the Shining One.
  8585 | D:10     | Noticed Erica
  8610 | D:10     | Killed Erica
  8611 | D:10     | Reached XP level 11. HP: 53/74 MP: 11/11
  9212 | Temple   | Became a worshipper of Warmaster Okawaru
  9392 | D:9      | Found a shadowy altar of Dithmenos.
  9516 | D:9      | Reached skill level 1 in Invocations
  9537 | D:9      | Killed a boulder beetle
  9537 | D:9      | Reached * piety under Okawaru
  9764 | D:10     | Found a portal to a secret trove of treasure.
 10094 | D:11     | Reached ** piety under Okawaru
 10148 | D:11     | Got an ancient golden ring
 10150 | D:11     | Identified the ring of Afretum {rElec Will- Int+7 Dex+6}
                  | (You found it on level 11 of the Dungeon)
 10163 | D:11     | Noticed Sonja
 10172 | D:11     | Killed Sonja
 10244 | D:11     | Noticed a seven-headed hydra
 10261 | D:11     | Killed a seven-headed hydra
 10325 | D:11     | Reached skill level 5 in Invocations
 10358 | D:11     | Found a staircase to the Lair.
 10439 | D:11     | Reached *** piety under Okawaru
 10440 | D:11     | Reached skill level 5 in Shields
 10529 | D:11     | Reached XP level 12. HP: 75/81 MP: 15/15
 10577 | D:11     | Received a gift from Okawaru
 11105 | D:12     | Noticed Josephine
 11142 | D:12     | Killed Josephine
 11193 | D:12     | Noticed Jorgrun
 11440 | D:12     | Gained mutation: Your spells are a little harder to cast,
                  | but a little more powerful. [potion of mutation]
 11440 | D:12     | Gained mutation: You are strong-willed. (Will+) [potion of
                  | mutation]
 11547 | D:12     | Reached **** piety under Okawaru
 11611 | D:12     | Found a staircase to the Orcish Mines.
 12258 | D:12     | Killed Jorgrun
 12352 | D:12     | Reached ***** piety under Okawaru
 12473 | D:13     | Noticed a centaur warrior
 12482 | D:13     | Killed a centaur warrior
 12563 | D:13     | Found a gate to the Vaults.
 12563 | D:13     | Noticed a boulder beetle
 12563 | D:13     | Noticed a vault guard
 12563 | D:13     | Noticed a vault guard
 12563 | D:13     | Noticed a vault guard
 12565 | D:13     | Noticed a vault guard
 12602 | D:13     | Killed a vault guard
 12809 | D:12     | Reached XP level 13. HP: 68/88 MP: 18/18
 12940 | D:12     | Received a gift from Okawaru
 12964 | D:13     | Identified a scroll of acquirement
 13038 | D:13     | Killed a vault guard
 13085 | D:13     | Noticed Urug
 13100 | D:13     | Killed Urug
 13340 | D:13     | Killed a vault guard
 13351 | D:13     | Killed a vault guard
 13784 | D:14     | Received a gift from Okawaru
 13868 | D:15     | Entered Level 15 of the Dungeon
 13970 | D:15     | Acquired a manual of Transmutations
 14248 | D:14     | Noticed an ice dragon
 14248 | D:14     | Noticed Cown's ghost (journeyman TrHu)
 14273 | D:14     | Reached ****** piety under Okawaru
 14273 | D:14     | Received a gift from Okawaru
 14274 | D:14     | Gained mutation: Your large and strong wings let you fly
                  | indefinitely. [Gargoyle growth]
 14274 | D:14     | Reached XP level 14. HP: 81/96 MP: 21/21
 14484 | D:14     | Found a sacrificial altar of Ru.
 14646 | D:14     | Found a runed translucent gate.
 14646 | D:14     | Found a runed translucent gate.
 14646 | D:14     | Found a runed translucent gate.
 14757 | D:14     | Reached skill level 10 in Invocations
 14825 | D:14     | Reached skill level 10 in Shields
 14947 | D:14     | Noticed Rupert
 14965 | D:14     | Killed Rupert
 15230 | D:13     | Killed Cown's ghost
 15499 | Lair:1   | Entered Level 1 of the Lair of Beasts
 16418 | Lair:1   | Received a gift from Okawaru
 16560 | Lair:2   | Reached skill level 15 in Fighting
 16983 | Lair:2   | Found a staircase to the Shoals.
 17225 | Lair:2   | Found a blossoming altar of Fedhas.
 18255 | Lair:4   | Received a gift from Okawaru
 18256 | Lair:4   | Reached skill level 5 in Dodging
 18289 | Lair:4   | Identified a +1 pair of boots of running (Okawaru gifted it
                  | to you on level 4 of the Lair of Beasts)
 18302 | Lair:4   | Reached XP level 15. HP: 103/103 MP: 23/23
 18412 | Lair:4   | Noticed Nergalle
 18422 | Lair:4   | Killed Nergalle
 18681 | Lair:4   | Found a hole to the Spider Nest.
 20128 | Lair:6   | Entered Level 6 of the Lair of Beasts
 21073 | Lair:6   | Received a gift from Okawaru
 21343 | Lair:6   | Found a viscous altar of Jiyva.
 21343 | Lair:6   | Found a staircase to the Slime Pits.
 21518 | Lair:6   | Upgraded the game from 0.26.0-11-g8f856b5395 to
                  | 0.26.0-41-g79a4fc7684
 21689 | Orc:1    | Entered Level 1 of the Orcish Mines
 21689 | Orc:1    | Noticed Snorg
 21701 | Orc:1    | Killed Snorg
 21711 | Orc:1    | Noticed Maurice
 21723 | Orc:1    | Killed Maurice
 22208 | Orc:2    | Entered Level 2 of the Orcish Mines
 22436 | Orc:2    | Gained mutation: You are dopey. (Int -2) [a neqoxec]
 22445 | Orc:1    | Reached XP level 16. HP: 56/108 MP: 24/24
 23057 | Orc:2    | Found a staircase to the Elven Halls.
 23155 | Orc:2    | Found Zolaid's Magic Scroll Shoppe.
 23155 | Orc:2    | Found Ibolid's Book Shoppe.
 23159 | Orc:2    | Found Acoyg's Book Emporium.
 23161 | Orc:2    | Found Patej's Magic Scroll Emporium.
 23163 | Orc:2    | Bought 2 scrolls of teleportation for 60 gold pieces
 23163 | Orc:2    | Bought a scroll of identify for 20 gold pieces
 23163 | Orc:2    | Bought a scroll of identify for 20 gold pieces
 23163 | Orc:2    | Bought a scroll of torment for 75 gold pieces
 23468 | Spider:1 | Entered Level 1 of the Spider Nest
 23894 | Spider:1 | Reached skill level 10 in Armour
 24227 | Spider:1 | Reached skill level 15 in Maces & Flails
 24296 | Spider:1 | Received a gift from Okawaru
 24588 | Spider:1 | Found a transporter.
 24594 | Spider:1 | Noticed a daeva
 24602 | Spider:1 | Noticed a tentacled starspawn
 24602 | Spider:1 | Found a one-way gate to the infinite horrors of the Abyss.
 24602 | Spider:1 | Found a transporter.
 24602 | Spider:1 | Noticed Detar's ghost (adept HOFi)
 24636 | Spider:1 | Killed a tentacled starspawn
 25049 | Spider:1 | Killed Detar's ghost
 25086 | Spider:1 | Killed a daeva
 25442 | Spider:1 | Got a slimy tin ring
 25444 | Spider:1 | Identified the ring "Uhealuro" {rF+ Int+3} (You found it on
                  | level 1 of the Spider Nest)
 25648 | Spider:2 | Noticed Arachne
 25835 | Spider:2 | Killed Arachne
 25842 | Spider:2 | Received a gift from Okawaru
 25845 | Spider:2 | Identified the +1 great mace of Guile {vorpal, Dex+6}
                  | (Okawaru gifted it to you on level 2 of the Spider Nest)
 26795 | Spider:2 | Reached XP level 17. HP: 111/116 MP: 26/26
 26890 | Spider:2 | Received a gift from Okawaru
 26897 | Spider:2 | Identified the +0 kite shield of Dim Light {Dex+3} (Okawaru
                  | gifted it to you on level 2 of the Spider Nest)
 28558 | Spider:3 | Acquired a manual of Shields
 28677 | Spider:3 | Reached skill level 1 in Evocations
 29159 | Spider:4 | Entered Level 4 of the Spider Nest
 29400 | Spider:3 | Received a gift from Okawaru
 29404 | Spider:3 | Identified the +7 fustibalus "Piolong" {venom, rPois rF-
                  | rN+} (Okawaru gifted it to you on level 3 of the Spider
                  | Nest)
 30052 | Spider:4 | Reached skill level 5 in Evocations
 30129 | Spider:4 | Received a gift from Okawaru
 30569 | Spider:4 | Reached XP level 18. HP: 122/122 MP: 28/28
 30599 | Spider:4 | Got a gossamer rune of Zot
 30942 | Shoals:1 | Entered Level 1 of the Shoals
 30942 | Shoals:1 | Found Coitapryb's Assorted Antiques.
 30959 | Shoals:1 | Bought a scroll of enchant weapon for 270 gold pieces
 31185 | Shoals:1 | Reached skill level 15 in Shields
 31617 | Shoals:2 | Upgraded the game from 0.26.0-41-g79a4fc7684 to
                  | 0.26.0-45-g9c1d065592
 32244 | Shoals:2 | Lost mutation: You are dopey. (Int -2) [potion of mutation]
 32244 | Shoals:2 | Lost mutation: You are strong-willed. (Will+) [potion of
                  | mutation]
 32244 | Shoals:2 | Lost mutation: Your spells are a little harder to cast, but
                  | a little more powerful. [potion of mutation]
 32244 | Shoals:2 | Gained mutation: Your mind is acute. (Int +2) [potion of
                  | mutation]
 32244 | Shoals:2 | Gained mutation: Your spells are a little harder to cast,
                  | but a little more powerful. [potion of mutation]
 32244 | Shoals:2 | Gained mutation: You are strong-willed. (Will+) [potion of
                  | mutation]
 32659 | Shoals:3 | Reached skill level 1 in Throwing
 32666 | Shoals:3 | Received a gift from Okawaru
 32670 | Shoals:3 | Got a polished eveningstar {god gift}
 32671 | Shoals:3 | Identified the +4 eveningstar "Jopsujut" {freeze, rF+ SInv}
                  | (Okawaru gifted it to you on level 3 of the Shoals)
 32965 | Shoals:3 | Noticed Bai Suzhen
 32999 | Shoals:3 | Killed Bai Suzhen
 33530 | Shoals:4 | Entered Level 4 of the Shoals
 33561 | Shoals:4 | Found a frozen archway.
 33577 | IceCv    | Entered an ice cave
 34164 | IceCv    | Received a gift from Okawaru
 34241 | IceCv    | Identified the +1 ring mail of Exceptional Fun {Str+3 Int+2
                  | Slay-2} (Okawaru gifted it to you in an ice cave)
 34691 | Shoals:4 | Reached skill level 1 in Earth Magic
 34695 | Shoals:4 | Identified the cursed +0 plate armour of the Bells {rC++}
                  | (You found it on level 4 of the Shoals)
 34720 | Shoals:4 | Reached skill level 15 in Invocations
 34766 | Shoals:4 | Reached skill level 1 in Transmutations
 34911 | Shoals:4 | Reached XP level 19. HP: 84/127 MP: 30/30
 35579 | Shoals:4 | Got a barnacled rune of Zot
 36017 | Vaults:1 | Entered Level 1 of the Vaults
 36051 | Vaults:1 | Received a gift from Okawaru
 36271 | Vaults:1 | Reached skill level 5 in Earth Magic
 36459 | Vaults:1 | Found Ineh Dey's Distillery.
 36550 | Vaults:1 | Received a gift from Okawaru
 36624 | Vaults:1 | Identified the +0 mace "Ogrebane" {holy, rPois} (Okawaru
                  | gifted it to you on level 1 of the Vaults)
 37341 | Vaults:1 | Received a gift from Okawaru
 37374 | Vaults:1 | Reached skill level 5 in Transmutations
 37558 | Vaults:2 | Received a gift from Okawaru
 38303 | Vaults:3 | Reached XP level 20. HP: 95/134 MP: 31/31
 38576 | Vaults:2 | Received a gift from Okawaru
 38662 | Vaults:2 | Paralysed by a sphinx for 4 turns
 38668 | Vaults:2 | Noticed a Brimstone Fiend
 39174 | Vaults:2 | Found Eleveg Exye's Magic Scroll Emporium.
 39182 | Vaults:2 | Bought a scroll of identify for 22 gold pieces
 39182 | Vaults:2 | Bought a scroll of brand weapon for 220 gold pieces
 39182 | Vaults:2 | Bought a scroll of enchant armour for 82 gold pieces
 39182 | Vaults:2 | Bought a scroll of holy word for 82 gold pieces
 39182 | Vaults:2 | Bought a scroll of identify for 22 gold pieces
 39307 | Vaults:2 | Reached skill level 10 in Earth Magic
 39866 | Vaults:2 | Found Ycaokhlau's Weapon Shoppe.
 39898 | Vaults:2 | Received a gift from Okawaru
 40381 | Vaults:3 | Received a gift from Okawaru
 40471 | Vaults:3 | Received a gift from Okawaru
 40930 | Vaults:3 | Reached XP level 21. HP: 140/140 MP: 33/33
 41099 | Vaults:3 | Reached skill level 10 in Transmutations
 41390 | Vaults:3 | Found Goagathry's Armour Shoppe.
 41681 | Vaults:3 | Found a staircase to the Crypt.
 41980 | Vaults:4 | Received a gift from Okawaru
 41990 | Vaults:4 | Identified the +4 eveningstar of Benevolence {drain, +Rage
                  | rF+} (Okawaru gifted it to you on level 4 of the Vaults)
 42136 | Vaults:4 | Found Ulacej's Jewellery Shoppe.
 42144 | Vaults:4 | Bought the ring of Pantheism {rF- rN++ AC+4 Str+9 Dex-3}
                  | for 945 gold pieces
 42236 | Crypt:1  | Entered Level 1 of the Crypt
 42547 | Crypt:1  | Noticed Mennas
 42587 | Crypt:1  | Killed Mennas
 42599 | Crypt:1  | Reached skill level 15 in Earth Magic
 42612 | Crypt:1  | Received a gift from Okawaru
 42623 | Crypt:1  | Got a faintly humming crystal plate armour {god gift}
 42663 | Crypt:1  | Identified the +6 crystal plate armour "Paenuatz" {rC++
                  | Str-5} (Okawaru gifted it to you on level 1 of the Crypt)
 42860 | Crypt:1  | Found the macabre finger necklace {rN+}
 43135 | Crypt:1  | Noticed Aizul
 43199 | Crypt:1  | Killed Aizul
 43486 | Crypt:1  | Reached XP level 22. HP: 103/148 MP: 34/34
 43581 | Crypt:1  | Found an ancient bone altar of Kikubaaqudgha.
 43606 | Crypt:1  | Identified the Incunabulum of Flight
 44554 | Crypt:2  | Received a gift from Okawaru
 44784 | Crypt:3  | Entered Level 3 of the Crypt
 44809 | Crypt:2  | Received a gift from Okawaru
 45057 | Crypt:3  | Reached skill level 15 in Armour
 45275 | Crypt:3  | Received a gift from Okawaru
 45336 | Crypt:3  | Identified the +4 cloak "Idacuirph" {rElec Int+3 Slay-2}
                  | (Okawaru gifted it to you on level 3 of the Crypt)
 45495 | Crypt:3  | Found a basalt altar of Yredelemnul.
 45774 | Crypt:3  | Found a staircase to the Tomb.
 46191 | Crypt:3  | Gained mutation: You are frail. (-10% HP) [a cacodemon]
 46621 | Crypt:3  | Reached XP level 23. HP: 139/139 MP: 35/35
 46898 | Vaults:4 | Identified the +10 hand axe "Gafuic" {speed, rC+}
 47516 | Vaults:4 | Received a gift from Okawaru
 47918 | Vaults:4 | Received a gift from Okawaru
 48840 | D:15     | Received a gift from Okawaru
 49920 | D:15     | Found a staircase to the Depths.
 50332 | Depths:1 | Entered Level 1 of the Depths
 50377 | Depths:1 | Reached skill level 10 in Dodging
 50511 | Depths:1 | Found Exta's General Store.
 50515 | Depths:1 | Found Qittodas's Weapon Boutique.
 50516 | Depths:1 | Found Pastrof's Antique Armour Shop.
 50519 | Depths:1 | Bought a scroll of enchant weapon for 150 gold pieces
 50519 | Depths:1 | Bought a scroll of teleportation for 60 gold pieces
 50519 | Depths:1 | Bought a scroll of teleportation for 60 gold pieces
 50524 | Depths:1 | Bought a pair of glowing gloves for 315 gold pieces
 50575 | Depths:1 | Identified the cursed +1 flail of the Bear {speed, Int+6
                  | Dex+6} (You found it on level 1 of the Depths)
 50771 | Depths:1 | Found a gateway to Hell.
 51044 | Depths:1 | Found a broken altar of Ashenzari.
 52056 | Depths:2 | Paralysed by an ogre mage for 5 turns
 52064 | Depths:2 | Received a gift from Okawaru
 52077 | Depths:2 | Noticed Louise
 52100 | Depths:2 | Killed Louise
 52101 | Depths:2 | Reached XP level 24. HP: 145/145 MP: 36/36
 52410 | Depths:2 | Noticed a juggernaut
 52654 | Depths:2 | Killed a juggernaut
 53404 | Depths:3 | Paralysed by a floating eye for 3 turns
 53528 | Depths:3 | Got a sparkling granite ring
 53529 | Depths:3 | Identified the ring of Farynuan {rElec rPois Str-2 Dex+2
                  | SInv} (You found it on level 3 of the Depths)
 53632 | Depths:3 | Found a transporter.
 53764 | Depths:3 | Received a gift from Okawaru
 53812 | Depths:3 | Identified Lieppak's Volume of the Twisted Entourage
 53858 | Depths:3 | Found a gateway to a ziggurat.
 53897 | Depths:3 | Found a transporter.
 53911 | Depths:3 | Paralysed by a floating eye for 3 turns
 53919 | Depths:3 | Paralysed by a floating eye for 4 turns
 53937 | Depths:3 | Noticed Sojobo
 53967 | Depths:3 | Killed Sojobo
 54106 | Depths:3 | Received a gift from Okawaru
 54198 | Depths:3 | Found a one-way gate leading to the halls of Pandemonium.
 54275 | Depths:3 | Received a gift from Okawaru
 54358 | Depths:3 | Noticed Saint Roka
 54380 | Depths:3 | Killed Saint Roka
 54401 | Depths:3 | Identified the ring of Finality {*Tele +Inv rC++} (You
                  | found it on level 3 of the Depths)
 54415 | Depths:3 | Found Eleun's Armour Shop.
 54502 | Depths:3 | Reached XP level 25. HP: 143/151 MP: 37/37
 54594 | Depths:3 | Identified the ring "Rulidisu" {rF+ rC+} (You found it on
                  | level 3 of the Depths)
 54772 | Depths:4 | Received a gift from Okawaru
 54784 | Depths:4 | Found Josmeiq's Gadget Shop.
 54823 | Depths:4 | Found Qulekamu's Antique Weapon Shop.
 54823 | Depths:4 | Found Fiffer's Armour Boutique.
 54826 | Depths:4 | Found Wygrebod's Weapon Boutique.
 55296 | Depths:4 | Identified the ring "Riomnud" {+Inv rF+ Int-4 Slay+5
                  | Stlth+}
 55339 | Depths:4 | Received a gift from Okawaru
 55512 | Depths:4 | Identified the ring "Giuqoac" {Will+ rCorr Int+7} (You
                  | found it on level 4 of the Depths)
 55519 | Depths:4 | Identified the +1 ring mail "Ekkuddin" {rC+ rCorr} (You
                  | found it on level 4 of the Depths)
 55786 | Depths:4 | Noticed Jory
 55799 | Depths:4 | Killed Jory
 56209 | Depths:5 | Entered Level 5 of the Depths
 56456 | Depths:5 | Noticed Xtahua
 56463 | Depths:5 | Killed Xtahua
 56463 | Depths:5 | Received a gift from Okawaru
 56911 | Depths:5 | Reached XP level 26. HP: 129/159 MP: 36/37
 57529 | Depths:5 | Received a gift from Okawaru
 57770 | Depths:5 | Received a gift from Okawaru
 57928 | Depths:5 | Received a gift from Okawaru
 57969 | Depths:5 | Identified the Grimoire of Poisoning
 58061 | Depths:5 | Found a gate to the Realm of Zot.
 58338 | Depths:5 | Noticed a juggernaut
 58348 | Depths:5 | Killed a juggernaut
 58842 | Elf:1    | Entered Level 1 of the Elven Halls
 58842 | Elf:1    | Noticed Asterion
 58856 | Elf:1    | Killed Asterion
 59091 | Elf:1    | Found a magical portal.
 59098 | WizLab   | Entered Wucad Mu's Monastery
 59585 | WizLab   | Found the +9 staff of Wucad Mu {channel}
 59674 | WizLab   | Reached XP level 27. HP: 164/164 MP: 37/37
 59962 | Elf:1    | Identified the Almanac of the Entourage
 60121 | Elf:1    | Received a gift from Okawaru
 60163 | Elf:1    | You are sucked into a shaft and drop 1 floor!
 60309 | Elf:2    | Found a huge runed translucent gate.
 60310 | Elf:2    | Found a huge runed translucent gate.
 60311 | Elf:2    | Found a huge runed translucent gate.
 60312 | Elf:2    | Found a huge runed translucent gate.
 60313 | Elf:2    | Found a huge runed translucent gate.
 60662 | Elf:1    | Identified the +9 flail of Fimbulwinter {pain, *Rage Int+6}
                  | (You found it on level 1 of the Elven Halls)
 61233 | Elf:2    | Found Raecs's Book Shoppe.
 61239 | Elf:2    | Bought a book of Cantrips for 260 gold pieces
 61239 | Elf:2    | Bought a book of the Earth for 845 gold pieces
 61241 | Elf:2    | Learned a level 1 spell: Apportation
 61244 | Elf:2    | Learned a level 2 spell: Blink
 61265 | Elf:2    | Reached skill level 1 in Translocations
 61710 | Elf:3    | Entered Level 3 of the Elven Halls
 62169 | Elf:3    | Reached skill level 5 in Translocations
 62289 | Elf:3    | Found an ancient bone altar of Kikubaaqudgha.
 62327 | Elf:3    | Received a gift from Okawaru
 62652 | Elf:3    | Identified the Volume of Excruciating Heat
 62657 | Elf:3    | Identified the ring "Mudam" {Ice rPois Str-4 Int+6} (You
                  | found it on level 3 of the Elven Halls)
 62679 | Elf:3    | Acquired a manual of Translocations
 63106 | Vaults:4 | Upgraded the game from 0.26.0-45-g9c1d065592 to
                  | 0.26.1-2-gb8aa6d0cf2
 63108 | Vaults:5 | Entered Level 5 of the Vaults
 63169 | Vaults:4 | Reached skill level 10 in Translocations
 63995 | Vaults:5 | Reached skill level 15 in Translocations
 64173 | Vaults:5 | Noticed an ancient lich
 64190 | Vaults:5 | Killed an ancient lich
 64190 | Vaults:5 | Received a gift from Okawaru
 64291 | Vaults:5 | Received a gift from Okawaru
 64310 | Vaults:5 | Identified the +0 plate armour of Uxkuskyu {Regen+}
                  | (Okawaru gifted it to you on level 5 of the Vaults)
 64478 | Vaults:5 | Identified the ring of Ryhee {Str+5 Stlth-}
 64989 | Vaults:5 | Noticed an ancient lich
 65000 | Vaults:5 | Killed an ancient lich
 65366 | Vaults:5 | Got a silver rune of Zot
 65404 | Vaults:5 | Received a gift from Okawaru
 65490 | Vaults:5 | Identified the +8 morningstar of the Dungeon {freeze,
                  | rPois} (You found it on level 5 of the Vaults)
 66012 | Slime:1  | Entered Level 1 of the Pits of Slime
 66208 | Slime:1  | Gained mutation: You are weak. (Str -2) [a shining eye]
 66415 | Slime:2  | Received a gift from Okawaru
 66419 | Slime:2  | Paralysed by a Zot trap for 3 turns
 67402 | Slime:3  | Received a gift from Okawaru
 67869 | Slime:5  | Entered Level 5 of the Pits of Slime
 68001 | Slime:4  | Noticed Dissolution
 68015 | Slime:4  | Gained mutation: Your body sometimes deteriorates upon
                  | taking damage. [a shining eye]
 68027 | Slime:4  | Killed Dissolution
 68093 | Slime:5  | Gained mutation: You occasionally shout uncontrollably at
                  | your foes. [a shining eye]
 68102 | Slime:5  | Gained mutation: You are very weak. (Str -4) [a shining
                  | eye]
 68121 | Slime:5  | Gained mutation: You do not regenerate when monsters are
                  | visible. [a shining eye]
 68597 | Slime:5  | Found a viscous altar of Jiyva.
 68598 | Slime:5  | Noticed the Royal Jelly
 68603 | Slime:5  | Found the +18 shield of the Gong {rElec rN+ Will+ EV-5}
 68625 | Slime:5  | Killed the Royal Jelly
 68625 | Slime:5  | Received a gift from Okawaru
 68626 | Slime:5  | Reached skill level 15 in Dodging
 69381 | Slime:5  | Identified the ring of Ru's Generosity {+Fly rN+ Dex-4
                  | Stlth+} (You found it on level 5 of the Pits of Slime)
 69386 | Slime:5  | Acquired a manual of Shields
 69392 | Slime:5  | Identified Amel's Catalogue of Sinister Rituals and
                  | Summoning
 69401 | Slime:5  | Acquired 639 gold pieces
 69405 | Slime:5  | Acquired a +4 ring of slaying
 69457 | Slime:5  | Acquired a book of the Warp
 69483 | Slime:5  | Got a slimy rune of Zot
 69718 | Lair:6   | Lost mutation: You are strong-willed. (Will+) [potion of
                  | mutation]
 69718 | Lair:6   | Lost mutation: Your mind is acute. (Int +2) [potion of
                  | mutation]
 69718 | Lair:6   | Lost mutation: You occasionally shout uncontrollably at
                  | your foes. [potion of mutation]
 69718 | Lair:6   | Gained mutation: You are agile. (Dex +2) [potion of
                  | mutation]
 69719 | Lair:6   | Lost mutation: You are very weak. (Str -4) [potion of
                  | mutation]
 69719 | Lair:6   | Lost mutation: Your spells are a little harder to cast, but
                  | a little more powerful. [potion of mutation]
 69719 | Lair:6   | Lost mutation: You are weak. (Str -2) [potion of mutation]
 69719 | Lair:6   | Gained mutation: You are somewhat resistant to further
                  | mutation. [potion of mutation]
 69720 | Lair:6   | Lost mutation: You are frail. (-10% HP) [potion of
                  | mutation]
 69720 | Lair:6   | Lost mutation: You do not regenerate when monsters are
                  | visible. [potion of mutation]
 69720 | Lair:6   | Gained mutation: You are robust. (+10% HP) [potion of
                  | mutation]
 70123 | Zig:1    | Entered Level 1 of a ziggurat
 70129 | Zig:1    | Received a gift from Okawaru
 70145 | Zig:2    | Entered Level 2 of a ziggurat
 70176 | Zig:3    | Entered Level 3 of a ziggurat
 70274 | Zig:3    | Identified the +7 plate armour "Fixed" {Stlth+} (You found
                  | it on level 3 of a ziggurat)
 70279 | Zig:4    | Entered Level 4 of a ziggurat
 70324 | Zig:5    | Entered Level 5 of a ziggurat
 70354 | Zig:5    | Identified the +4 chain mail of Miracles {Str+4} (You found
                  | it on level 5 of a ziggurat)
 70367 | Zig:6    | Entered Level 6 of a ziggurat
 70486 | Zig:7    | Entered Level 7 of a ziggurat
 70601 | Zig:7    | Learned a level 2 spell: Wereblood
 70606 | Zig:8    | Entered Level 8 of a ziggurat
 70685 | Zig:9    | Entered Level 9 of a ziggurat
 70764 | Zig:9    | Identified the +4 broad axe of the Lair of Beasts {vorpal,
                  | +Rage rC+ Int+2} (You found it on level 9 of a ziggurat)
 70782 | Zig:10   | Entered Level 10 of a ziggurat
 70808 | Zig:10   | Got a scorched turquoise ring
 70812 | Zig:11   | Entered Level 11 of a ziggurat
 71136 | Zig:11   | Identified the ring of the Endless Expanse {*Tele Str+4}
                  | (You found it on level 10 of a ziggurat)
 71158 | Zig:12   | Entered Level 12 of a ziggurat
 71173 | Zig:12   | Noticed a juggernaut
 71206 | Zig:12   | Killed a juggernaut
 71386 | Zig:12   | Identified the Almanac of Wondrous Power
 71393 | Zig:13   | Entered Level 13 of a ziggurat
 71408 | Zig:13   | Noticed a royal mummy
 71410 | Zig:13   | Noticed a royal mummy
 71410 | Zig:13   | Noticed a royal mummy
 71418 | Zig:13   | Received a gift from Okawaru
 71428 | Zig:13   | Killed a royal mummy
 71437 | Zig:13   | Killed a royal mummy
 71441 | Zig:13   | Killed a royal mummy
 71642 | Zig:13   | Identified Sif Muna's Tome of Virous Stones
 71655 | Zig:14   | Entered Level 14 of a ziggurat
 71742 | Zig:14   | Reached skill level 5 in Throwing
 71875 | Zig:14   | Identified the Tome of Floating Companions
 71891 | Zig:15   | Entered Level 15 of a ziggurat
 72136 | Zig:15   | Got a crude amber ring
 72138 | Zig:16   | Entered Level 16 of a ziggurat
 72245 | Zig:16   | Identified the ring of the Evil One {rF++ AC+4} (You found
                  | it on level 15 of a ziggurat)
 72275 | Zig:16   | Received a gift from Okawaru
 72282 | Zig:16   | Noticed an ancient lich
 72818 | Zot:1    | Entered Level 1 of the Realm of Zot
 73097 | Hell     | Entered the Vestibule of Hell
 73097 | Hell     | Noticed Geryon
 73137 | Hell     | Killed Geryon
 73296 | Hell     | Noticed an ancient lich
 73306 | Hell     | Paralysed by an ancient lich for 4 turns
 73314 | Hell     | Killed an ancient lich
 73369 | Hell     | Found a gateway to the ashen valley of Gehenna.
 73615 | Hell     | Found a gateway to the Iron City of Dis.
 73716 | Hell     | Received a gift from Okawaru
 73722 | Hell     | Found a gateway to the freezing wastes of Cocytus.
 73849 | Hell     | Found a gateway to the decaying netherworld of Tartarus.
 74261 | Geh:1    | Entered Level 1 of Gehenna
 75671 | Geh:3    | Received a gift from Okawaru
 77894 | Geh:4    | Received a gift from Okawaru
 78206 | Geh:4    | Received a gift from Okawaru
 78210 | Geh:4    | Identified a +0 pair of boots of running (Okawaru gifted it
                  | to you on level 4 of Gehenna)
 78817 | Geh:5    | Found a huge runed gate.
 78817 | Geh:5    | Found a huge runed gate.
 78817 | Geh:5    | Found a huge runed gate.
 78817 | Geh:5    | Found a huge runed gate.
 78817 | Geh:5    | Found a huge runed gate.
 78817 | Geh:5    | Found a huge runed gate.
 78817 | Geh:5    | Found a huge runed gate.
 78849 | Geh:5    | Found a huge runed gate.
 80238 | Geh:6    | Received a gift from Okawaru
 80666 | Geh:6    | Received a gift from Okawaru
 81517 | Geh:7    | Entered Level 7 of Gehenna
 82443 | Geh:7    | Identified the ring "Ykius" {*Corrode +Inv +Fly rPois MP+9}
 82464 | Geh:7    | Received a gift from Okawaru
 82607 | Geh:7    | Identified the +1 morningstar of the Wilderness {freeze,
                  | rElec rF+ Dex+3 SInv} (Okawaru gifted it to you on level 7
                  | of Gehenna)
 82826 | Geh:7    | Reached skill level 27 in Fighting
 83410 | Geh:7    | Received a gift from Okawaru
 83664 | Geh:7    | Found the +7 sceptre of Asmodeus
 83664 | Geh:7    | Noticed Asmodeus
 83682 | Geh:7    | Killed Asmodeus
 83682 | Geh:7    | Received a gift from Okawaru
 83699 | Geh:7    | Got an obsidian rune of Zot
 83958 | Geh:7    | Received a gift from Okawaru
 84224 | Coc:1    | Entered Level 1 of Cocytus
 85191 | Coc:1    | Received a gift from Okawaru
 85836 | Coc:2    | Reached skill level 10 in Evocations
 87222 | Coc:3    | Received a gift from Okawaru
 87324 | Coc:3    | Reached skill level 10 in Throwing
 87849 | Coc:4    | Received a gift from Okawaru
 88461 | Coc:4    | Received a gift from Okawaru
 88892 | Coc:4    | You are sucked into a shaft and drop 2 floors!
 89543 | Coc:6    | Received a gift from Okawaru
 90326 | Coc:7    | Entered Level 7 of Cocytus
 90428 | Coc:7    | Received a gift from Okawaru
 90525 | Coc:7    | Received a gift from Okawaru
 90732 | Coc:7    | Reached skill level 15 in Evocations
 90748 | Coc:7    | Got a heavily runed jade ring
 90749 | Coc:7    | Identified the ring "Wuowk" {MP+9 Int+2 Stlth-} (You found
                  | it on level 7 of Cocytus)
 91106 | Coc:7    | Noticed Antaeus
 91488 | Coc:7    | Identified the cursed +0 helmet "Ekacrois" {*Slow +Inv
                  | Regen+ SInv} (You found it on level 7 of Cocytus)
 92072 | Coc:7    | Killed Antaeus
 92073 | Coc:7    | Reached skill level 15 in Throwing
 92124 | Coc:7    | Got an icy rune of Zot
 92380 | Tar:1    | Entered Level 1 of Tartarus
 92536 | Tar:1    | Received a gift from Okawaru
 93479 | Tar:1    | Received a gift from Okawaru
 95217 | Tar:3    | Received a gift from Okawaru
 96433 | Tar:3    | Received a gift from Okawaru
 97826 | Tar:4    | Reached skill level 27 in Invocations
 98112 | Tar:4    | Received a gift from Okawaru
 98516 | Tar:5    | You are sucked into a shaft and drop 1 floor!
 98631 | Tar:6    | Received a gift from Okawaru
 98982 | Tar:6    | Reached skill level 1 in Stealth
 99407 | Tar:6    | Received a gift from Okawaru
 99416 | Tar:6    | Reached skill level 5 in Stealth
 99775 | Tar:6    | Received a gift from Okawaru
100320 | Tar:7    | Entered Level 7 of Tartarus
100392 | Tar:7    | Received a gift from Okawaru
100522 | Tar:7    | Received a gift from Okawaru
100938 | Tar:7    | Reached skill level 10 in Stealth
100990 | Tar:7    | Received a gift from Okawaru
101161 | Tar:7    | Received a gift from Okawaru
101259 | Tar:7    | Received a gift from Okawaru
101291 | Tar:7    | Received a gift from Okawaru
101333 | Tar:7    | Received a gift from Okawaru
101353 | Tar:7    | Got a coiled granite ring
101355 | Tar:7    | Identified the ring of Autumn {AC+4 Str+3 Int+3} (You found
                  | it on level 7 of Tartarus)
101463 | Tar:7    | Noticed the Serpent of Hell
101486 | Tar:7    | Killed the Serpent of Hell
101690 | Tar:7    | Noticed Ereshkigal
101762 | Tar:7    | Received a gift from Okawaru
102481 | Tar:7    | Killed Ereshkigal
102821 | Tar:7    | Got a bone rune of Zot
102946 | Tar:7    | Identified the Catalogue of Enthralling Changing
102982 | Tar:7    | Received a gift from Okawaru
103242 | Dis:1    | Entered Level 1 of the Iron City of Dis
103569 | Dis:1    | Received a gift from Okawaru
103911 | Dis:1    | Reached skill level 15 in Stealth
105701 | Dis:3    | Found a huge runed gate.
105701 | Dis:3    | Found a huge runed gate.
105702 | Dis:3    | Found a huge runed gate.
105702 | Dis:3    | Found a huge runed gate.
105716 | Dis:3    | Found a huge runed gate.
105723 | Dis:3    | Found a huge runed gate.
105723 | Dis:3    | Found a huge runed gate.
105724 | Dis:3    | Found a huge runed gate.
105724 | Dis:3    | Found a huge runed gate.
105831 | Dis:3    | Found a huge runed gate.
105831 | Dis:3    | Found a huge runed gate.
105831 | Dis:3    | Found a huge runed gate.
105855 | Dis:3    | Found a huge runed gate.
105855 | Dis:3    | Found a huge runed gate.
105855 | Dis:3    | Found a huge runed gate.
105881 | Dis:3    | Found a huge runed gate.
105924 | Dis:3    | Found a huge runed gate.
105924 | Dis:3    | Found a huge runed gate.
105924 | Dis:3    | Found a huge runed gate.
105926 | Dis:3    | Found a huge runed gate.
105927 | Dis:3    | Found a huge runed gate.
105928 | Dis:3    | Found a huge runed gate.
105929 | Dis:3    | Found a huge runed gate.
105930 | Dis:3    | Found a huge runed gate.
105931 | Dis:3    | Found a huge runed gate.
106031 | Dis:3    | Found a huge runed gate.
106031 | Dis:3    | Found a huge runed gate.
106032 | Dis:3    | Found a huge runed gate.
106032 | Dis:3    | Found a huge runed gate.
106032 | Dis:3    | Found a huge runed gate.
106032 | Dis:3    | Found a huge runed gate.
107161 | Dis:3    | Received a gift from Okawaru
107232 | Dis:3    | Received a gift from Okawaru
109280 | Dis:5    | Received a gift from Okawaru
110127 | Dis:6    | Received a gift from Okawaru
110195 | Dis:7    | Entered Level 7 of the Iron City of Dis
110985 | Dis:7    | Reached skill level 27 in Armour
111479 | Dis:7    | Received a gift from Okawaru
111970 | Dis:7    | Received a gift from Okawaru
111973 | Dis:7    | Reached skill level 27 in Shields
112341 | Dis:7    | Got a slimy amethyst amulet
112416 | Dis:7    | Found the +4 staff of Dispater
112416 | Dis:7    | Noticed Dispater
112441 | Dis:7    | Killed Dispater
112471 | Dis:7    | Got an iron rune of Zot
112953 | Orc:2    | Bought a book of Party Tricks for 800 gold pieces
112953 | Orc:2    | Bought a book of Geomancy for 560 gold pieces
112953 | Orc:2    | Bought a book of Misfortune for 320 gold pieces
112953 | Orc:2    | Bought a book of the Warp for 1440 gold pieces
112953 | Orc:2    | Bought a book of Misfortune for 320 gold pieces
112954 | Orc:2    | Bought a scroll of fear for 49 gold pieces
112954 | Orc:2    | Bought a scroll of identify for 28 gold pieces
112954 | Orc:2    | Bought a scroll of fear for 49 gold pieces
112954 | Orc:2    | Bought a scroll of teleportation for 42 gold pieces
112954 | Orc:2    | Bought 3 scrolls of identify for 84 gold pieces
112960 | Orc:2    | Identified the amulet of Egogoawn {Inacc rPois} (You found
                  | it on level 7 of the Iron City of Dis)
112964 | Orc:2    | Bought a scroll of fear for 35 gold pieces
112966 | Orc:2    | Bought a book of Annihilations for 1545 gold pieces
112966 | Orc:2    | Bought a book of Fire for 910 gold pieces
112972 | Orc:2    | Learned a level 3 spell: Lesser Beckoning
112978 | Orc:2    | Learned a level 5 spell: Lee's Rapid Deconstruction
113589 | Zot:1    | Identified the Incunabulum of Flames and Feathers
113819 | Zot:1    | Noticed an orb of fire
113830 | Zot:1    | Killed an orb of fire
114705 | Zot:2    | Received a gift from Okawaru
115636 | Zot:2    | Received a gift from Okawaru
116119 | Zot:3    | Received a gift from Okawaru
116415 | Zot:3    | Received a gift from Okawaru
116765 | Zot:3    | Identified the +1 cloak of Amelioration {Str+4 Stlth+}
117490 | Zot:4    | Received a gift from Okawaru
117582 | Zot:4    | Identified the +1 cloak "Naexaw" {Rampage Will- Regen+}
                  | (Okawaru gifted it to you on level 4 of the Realm of Zot)
118864 | Tomb:1   | Entered Level 1 of the Tomb of the Ancients
119418 | Tomb:1   | Received a gift from Okawaru
119489 | Tomb:1   | Noticed a royal mummy
119497 | Tomb:1   | Noticed a royal mummy
119761 | Tomb:1   | Killed a royal mummy
119771 | Tomb:1   | Killed a royal mummy
119771 | Tomb:1   | Received a gift from Okawaru
119933 | Tomb:1   | Identified the +4 rapier "Zistrenodd" {venom, Int+3}
120341 | Tomb:1   | Learned a level 2 spell: Passwall
120529 | Tomb:2   | Noticed a royal mummy
120529 | Tomb:2   | Noticed a royal mummy
120776 | Tomb:3   | Entered Level 3 of the Tomb of the Ancients
120776 | Tomb:3   | Noticed Frederick
120787 | Tomb:3   | Killed Frederick
120796 | Tomb:3   | Received a gift from Okawaru
120839 | Tomb:3   | Noticed a royal mummy
120839 | Tomb:3   | Noticed a royal mummy
120844 | Tomb:3   | Killed a royal mummy
120849 | Tomb:3   | Noticed a royal mummy
120855 | Tomb:3   | Killed a royal mummy
120859 | Tomb:3   | Killed a royal mummy
120864 | Tomb:3   | Noticed a royal mummy
120919 | Tomb:3   | Noticed a royal mummy
120939 | Tomb:3   | Noticed a royal mummy
120958 | Tomb:3   | Killed a royal mummy
120962 | Tomb:3   | Killed a royal mummy
120962 | Tomb:3   | Lost intelligence.
121170 | Tomb:3   | Reached skill level 27 in Earth Magic
121194 | Tomb:3   | Noticed a royal mummy
121208 | Tomb:3   | Killed a royal mummy
121237 | Tomb:3   | Noticed a royal mummy
121247 | Tomb:3   | Killed a royal mummy
121290 | Tomb:3   | Received a gift from Okawaru
121391 | Tomb:3   | Received a gift from Okawaru
121528 | Tomb:3   | Killed a royal mummy
121555 | Tomb:3   | Found the +8 autumn katana {vorpal, Clar}
121694 | Tomb:3   | Got a clouded pewter ring
121712 | Tomb:3   | Identified the Grimoire of the Volcanoes and Dark Magic
121824 | Tomb:3   | Identified the Catalogue of the Excruciating Mountains
121959 | Tomb:3   | Noticed a royal mummy
121989 | Tomb:3   | Killed a royal mummy
122065 | Tomb:3   | Got a golden rune of Zot
122151 | Tomb:3   | Identified the ring "Paffuh" {+Inv rElec Dex+2 Stlth-} (You
                  | found it on level 3 of the Tomb of the Ancients)
122157 | Tomb:3   | Identified the cursed +2 flail "Mugeg" {speed, rPois Will-
                  | Str-4 Dex+10} (You found it on level 3 of the Tomb of the
                  | Ancients)
122177 | Tomb:3   | Identified the +6 chain mail of Youthful Indiscretion
                  | {Str+5} (You found it on level 3 of the Tomb of the
                  | Ancients)
122661 | Depths:2 | Voluntarily entered the Abyss.
122765 | Abyss:3  | Received a gift from Okawaru
122929 | Abyss:3  | Paralysed by accursed screaming for 2 turns
122934 | Abyss:3  | Found a corrupted altar of Lugonu.
122936 | Abyss:3  | Got an abyssal rune of Zot
123200 | Abyss:3  | Received a gift from Okawaru
123251 | Depths:2 | Escaped the Abyss
123304 | Pan      | Entered Pandemonium
123325 | Pan      | Gained mutation: You are weak. (Str -2) [a cacodemon]
123507 | Pan      | Received a gift from Okawaru
123963 | Pan      | Found a transporter.
124275 | Pan      | Found a transporter.
124331 | Pan      | Got a pitted granite ring
124332 | Pan      | Identified the ring of Xepnabotz {*Drain rElec rN+++ Will+
                  | Dex+3} (You found it in Pandemonium)
124350 | Pan      | Identified the cursed ring "Kaynij" {AC-4 Int+4} (You found
                  | it in Pandemonium)
124509 | Pan      | Got a pair of bloodstained boots
124520 | Pan      | Identified the +4 pair of boots "Weann" {Harm rPois} (You
                  | found it in Pandemonium)
124767 | Pan      | Noticed Kuutsuen the pandemonium lord
124785 | Pan      | Killed Kuutsuen the pandemonium lord
125279 | Pan      | Received a gift from Okawaru
125496 | Pan      | Received a gift from Okawaru
125505 | Pan      | Identified the +0 pair of gloves of Legaxt {rN+ rCorr Str+5
                  | Int+2} (Okawaru gifted it to you in Pandemonium)
126173 | Pan      | Found a glowing silver altar of Zin.
126220 | Pan      | Identified the +2 buckler of Leocwefibb {rPois rF+ Will-
                  | Regen+ Str+5}
126224 | Zig:1    | Entered Level 1 of a ziggurat
126397 | Zig:2    | Entered Level 2 of a ziggurat
126397 | Zig:2    | Noticed a juggernaut
126411 | Zig:2    | Killed a juggernaut
126423 | Zig:3    | Entered Level 3 of a ziggurat
126433 | Zig:3    | Got a scorched sapphire amulet
126434 | Zig:3    | Identified the amulet "Fitif" {Acrobat rElec Str+6} (You
                  | found it on level 3 of a ziggurat)
126438 | Zig:4    | Entered Level 4 of a ziggurat
126475 | Zig:4    | Identified the Grimoire of Stolen Souls and Confrontation
126479 | Zig:4    | Got a faintly glowing lead ring
126483 | Zig:5    | Entered Level 5 of a ziggurat
126582 | Zig:6    | Entered Level 6 of a ziggurat
126586 | Zig:6    | Found the +3 robe of Folly {Archmagi, Will-- Int+5}
126814 | Zig:7    | Entered Level 7 of a ziggurat
126944 | Zig:8    | Entered Level 8 of a ziggurat
126962 | Zig:8    | Received a gift from Okawaru
127141 | Zig:8    | Identified the ring of the Fool {Will+ MP+9} (You found it
                  | on level 4 of a ziggurat)
127147 | Zig:8    | Identified the +5 pair of boots "Mounyc" {rElec rF+ rN+}
                  | (Okawaru gifted it to you on level 8 of a ziggurat)
127194 | Zig:9    | Entered Level 9 of a ziggurat
127206 | Zig:9    | Noticed a juggernaut
127226 | Zig:9    | Killed a juggernaut
127317 | Zig:9    | Identified the +7 demon whip of Megalomania {drain, Will+
                  | Int+4} (You found it on level 9 of a ziggurat)
127326 | Zig:9    | Identified The Arcane Secrets of Rites and Rhymes
127335 | Zig:10   | Entered Level 10 of a ziggurat
127367 | Zig:10   | Noticed Rithril the pandemonium lord
127372 | Zig:10   | Noticed Guade the pandemonium lord
127417 | Zig:11   | Entered Level 11 of a ziggurat
127670 | Zig:12   | Entered Level 12 of a ziggurat
127971 | Zig:12   | Paralysed by a great orb of eyes for 6 turns
127989 | Zig:12   | Paralysed by a sphinx for 4 turns
128331 | Pan      | Identified the +2 troll leather armour of Imucwuan {rElec
                  | rF+ Regen+ Dex+6}
128361 | Pan      | Noticed a seraph
128406 | Pan      | Killed a seraph
128494 | Pan      | Received a gift from Okawaru
128582 | Pan      | Found a glowing golden altar of the Shining One.
128600 | Pan      | Got a demonic rune of Zot
128602 | Pan      | Identified the Tome of Floating Confrontation
129521 | Pan      | Found a white marble altar of Elyvilon.
129563 | Pan      | Received a gift from Okawaru
129566 | Pan      | Identified the +3 pair of boots "Giazos" {Str+4} (Okawaru
                  | gifted it to you in Pandemonium)
130041 | Depths:3 | Escaped Pandemonium
130072 | Pan      | Entered the realm of Gloorx Vloq.
130072 | Pan      | Entered Pandemonium
130072 | Pan      | Noticed Gloorx Vloq
130103 | Pan      | Killed Gloorx Vloq
130640 | Pan      | Found an exit through the horrors of the Abyss.
130861 | Pan      | Received a gift from Okawaru
131365 | Pan      | Got a dark rune of Zot
131561 | Pan      | Noticed Zuamiesm the pandemonium lord
131578 | Pan      | Killed Zuamiesm the pandemonium lord
131934 | Pan      | Entered the realm of Mnoleg.
131971 | Pan      | Reached skill level 27 in Maces & Flails
131976 | Pan      | Gained mutation: You have a pair of small antennae on your
                  | head. [a neqoxec]
131982 | Pan      | Noticed Mnoleg
132029 | Pan      | Killed Mnoleg
132155 | Pan      | Gained mutation: Your spells are a little easier to cast,
                  | but a little less powerful. [a cacodemon]
132370 | Pan      | Received a gift from Okawaru
132394 | Pan      | Lost intelligence.
132416 | Pan      | Gained mutation: You occasionally shout uncontrollably at
                  | your foes. [a neqoxec]
132450 | Pan      | Gained mutation: You are partially covered in molten
                  | scales. (AC +2) [a cacodemon]
132453 | Pan      | Received a gift from Okawaru
132715 | Pan      | Got a scintillating amethyst amulet
132755 | Pan      | Gained mutation: Your magical capacity is low. (-10% MP) [a
                  | cacodemon]
132768 | Pan      | Identified the amulet "Kovemiafargh" {Spirit Slay+5} (You
                  | found it in Pandemonium)
132863 | Pan      | Got a glowing rune of Zot
132911 | Pan      | Gained mutation: You tend to lose your temper in combat. [a
                  | neqoxec]
132934 | Pan      | Entered the realm of Lom Lobon.
133152 | Pan      | Noticed Lom Lobon
133190 | Pan      | Killed Lom Lobon
133337 | Pan      | Got a magical rune of Zot
133976 | Pan      | Received a gift from Okawaru
134567 | Pan      | Entered the realm of Cerebov.
134753 | Pan      | Found an exit through the horrors of the Abyss.
135297 | Pan      | Received a gift from Okawaru
135526 | Pan      | Received a gift from Okawaru
135953 | Pan      | Received a gift from Okawaru
136022 | Pan      | Found the +6 sword of Cerebov {flame}
136022 | Pan      | Noticed Cerebov
136063 | Pan      | Killed Cerebov
136063 | Pan      | Received a gift from Okawaru
136063 | Pan      | Received a gift from Okawaru
136504 | Pan      | Got a fiery rune of Zot
136837 | Depths:3 | Escaped Pandemonium
137072 | Zot:5    | Entered Level 5 of the Realm of Zot
137075 | Zot:5    | Noticed an orb of fire
137078 | Zot:5    | Lost mutation: You are agile. (Dex +2) [an orb of fire]
137085 | Zot:5    | Killed an orb of fire
137085 | Zot:5    | Received a gift from Okawaru
137139 | Zot:5    | Identified the +0 pair of gloves of the Shore {rF+ rN+}
                  | (Okawaru gifted it to you on level 5 of the Realm of Zot)
137786 | Zot:5    | Noticed an ancient lich
137788 | Zot:5    | Noticed an ancient lich
137796 | Zot:5    | Killed an ancient lich
137803 | Zot:5    | Received a gift from Okawaru
137803 | Zot:5    | Noticed an orb of fire
137812 | Zot:5    | Killed an ancient lich
137813 | Zot:5    | Noticed an orb of fire
137814 | Zot:5    | Noticed an orb of fire
137830 | Zot:5    | Killed an orb of fire
137833 | Zot:5    | Noticed an ancient lich
137847 | Zot:5    | Killed an orb of fire
138282 | Zot:5    | Noticed an orb of fire
138291 | Zot:5    | Killed an ancient lich
138316 | Zot:5    | Killed an orb of fire
138374 | Zot:5    | Killed an orb of fire
138441 | Zot:5    | Gained mutation: Scrolls take you a little longer to read.
                  | [mutagenic glow]
138456 | Zot:5    | Gained mutation: Scrolls take you longer to read.
                  | [mutagenic glow]
138513 | Zot:5    | Noticed an orb of fire
138655 | Zot:5    | Noticed an orb of fire
138671 | Zot:5    | Received a gift from Okawaru
138682 | Zot:5    | Noticed an orb of fire
138793 | Zot:5    | Killed an orb of fire
138906 | Zot:5    | Noticed an orb of fire
138911 | Zot:5    | Killed an orb of fire
138911 | Zot:5    | Lost mutation: You are somewhat resistant to further
                  | mutation. [an orb of fire]
138916 | Zot:5    | Killed an orb of fire
138974 | Zot:5    | Gained mutation: Your body often deteriorates upon taking
                  | damage. [an orb of fire]
138987 | Zot:5    | Killed an orb of fire
138987 | Zot:5    | Received a gift from Okawaru
139004 | Zot:5    | Identified the +11 morningstar of Lies {vamp, *Corrode
                  | Str-4 Int+8 Dex+7} (Okawaru gifted it to you on level 5 of
                  | the Realm of Zot)
139119 | Zot:5    | Got the Orb of Zot
139359 | Depths:4 | Lost mutation: You are robust. (+10% HP) [a cacodemon]
139739 | D:7      | Lost mutation: Your body often deteriorates upon taking
                  | damage. [potion of mutation]
139739 | D:7      | Lost mutation: Your spells are a little easier to cast, but
                  | a little less powerful. [potion of mutation]
139739 | D:7      | Lost mutation: You have a pair of small antennae on your
                  | head. [potion of mutation]
139739 | D:7      | Lost mutation: Your body sometimes deteriorates upon taking
                  | damage. [potion of mutation]
139739 | D:7      | Gained mutation: You have sharp fingernails. [potion of
                  | mutation]
139739 | D:7      | Lost mutation: Your magical capacity is low. (-10% MP)
                  | [potion of mutation]
139739 | D:7      | Gained mutation: You expend magic power (3 MP) to
                  | strengthen your wands. [potion of mutation]
139740 | D:7      | Lost mutation: You have sharp fingernails. [potion of
                  | mutation]
139740 | D:7      | Lost mutation: You expend magic power (3 MP) to strengthen
                  | your wands. [potion of mutation]
139740 | D:7      | Lost mutation: You are weak. (Str -2) [potion of mutation]
139740 | D:7      | Lost mutation: Scrolls take you longer to read. [potion of
                  | mutation]
139740 | D:7      | Lost mutation: You tend to lose your temper in combat.
                  | [potion of mutation]
139740 | D:7      | Gained mutation: Your body sometimes deteriorates upon
                  | taking damage. [potion of mutation]
139740 | D:7      | Gained mutation: Your mind is acute. (Int +2) [potion of
                  | mutation]
139741 | D:7      | Lost mutation: Scrolls take you a little longer to read.
                  | [potion of mutation]
139741 | D:7      | Lost mutation: Your mind is acute. (Int +2) [potion of
                  | mutation]
139741 | D:7      | Lost mutation: You occasionally shout uncontrollably at
                  | your foes. [potion of mutation]
139741 | D:7      | Lost mutation: Your body sometimes deteriorates upon taking
                  | damage. [potion of mutation]
139741 | D:7      | Gained mutation: Your body sometimes deteriorates upon
                  | taking damage. [potion of mutation]
139741 | D:7      | Gained mutation: You are clumsy. (Dex -2) [potion of
                  | mutation]
139741 | D:7      | Gained mutation: Potions are less effective at restoring
                  | your health. [potion of mutation]
139741 | D:7      | Gained mutation: You are covered in fur. (AC +1) [potion of
                  | mutation]
139747 | D:7      | Lost mutation: Your body sometimes deteriorates upon taking
                  | damage. [potion of mutation]
139747 | D:7      | Lost mutation: Potions are less effective at restoring your
                  | health. [potion of mutation]
139747 | D:7      | Lost mutation: You are clumsy. (Dex -2) [potion of
                  | mutation]
139747 | D:7      | Lost mutation: You are covered in fur. (AC +1) [potion of
                  | mutation]
139747 | D:7      | Gained mutation: You are weak. (Str -2) [potion of
                  | mutation]
139747 | D:7      | Gained mutation: You have large cloven feet. [potion of
                  | mutation]
139748 | D:7      | Lost mutation: You are weak. (Str -2) [potion of mutation]
139748 | D:7      | Gained mutation: You have supernaturally acute eyesight.
                  | (SInv) [potion of mutation]
139748 | D:7      | Gained mutation: You possess an exceptional clarity of
                  | mind. [potion of mutation]
139933 | D:$      | Escaped with the Orb!

Illustrated notes

Levels and vault maps discovered:
D:1:      dpeg_arrival_tiny_a, layout_basic, minivault_27
D:2:      layout_basic, grunt_decor_clamped
D:3:      layout_rooms, general_overflow_altar
D:4:      layout_basic, serial_shops, nicolae_shop_window_shopping,
          uniq_eustachio
D:5:      layout_cave_pools, old_standard_altar, nicolae_overflow_hidden_temple,
          st_stairs_1
D:6:      layout_cave_pools, minitemple, cheibrodos_worm_habitat,
          lemuel_temple_firewalk_a, gup_sewer_entry_glass
D:7:      layout_gridville, minmay_guarded_unrand_staff_of_olgreb
D:8:      layout_loops_ring, enter_ossuary_4, hangedman_misty_isle, uniq_joseph,
          uniq_grum, uniq_maggie
D:9:      cheibrodos_iron_armory, layout_rooms, grunt_dithmenos_shadows
D:10:     layout_loops_ring, nicolae_trove_entry_crystal, nzn_life_drinkers,
          uniq_erica
D:11:     layout_irregular_city, lair_entry_dummy, grunt_ministairs_7,
          minmay_misc_feat_encased, uniq_sonja
D:12:     layout_loops_ring, zombieorc1_lemuel, uniq_josephine, uniq_jorgrun
D:13:     layout_gridville, lightli_vaults_fourway_checkpoint, uniq_urug
D:14:     layout_cave_pools, gammafunk_ghost_icy,
          nicolae_ru_sacrificial_ziggurat, uniq_rupert
D:15:     gammafunk_enter_depths_forms, layout_stronghold, serial_bayou_pond_a,
          minmay_increasing_density
Temple:   zaba_magenta_temple
Lair:1:   layout_gridlike, lemuel_fruit_fields
Lair:2:   layout_loops_ring, minmay_shoals_entry_hut, tgw_fedhas
Lair:3:   layout_cave_pods
Lair:4:   layout_roguey, nicolae_spider_entry_tight_spaces,
          serial_bayou_shore_a, grunt_megastairs_2, uniq_nergalle
Lair:5:   layout_cave_pods, lemuel_fruit_tree
Lair:6:   grunt_lair_end_beastmaster, layout_layer_cave,
          dpeg_slime_entry_enclosed_altar
Shoals:1: layout_shoals, serial_shops, nicolae_shop_trees
Shoals:2: layout_shoals
Shoals:3: layout_shoals, uniq_bai_suzhen
Shoals:4: shoals_end_simple, layout_shoals, portal_ice_cave_entry_dragon
Spider:1: layout_spider_delve, gammafunk_ghost_abyssal_escape
Spider:2: layout_spider_delve, uniq_arachne
Spider:3: layout_spider_delve, special_room [special_room_bee],
          hangedman_spider_tarantella_strand
Spider:4: spider_rune_water, nicolae_spider_stair_cavern
Slime:1:  layout_caves
Slime:2:  layout_caves
Slime:3:  layout_caves
Slime:4:  layout_caves, cheibrodos_slime_lost_civilization_5, uniq_dissolution
Slime:5
Orc:1:    layout_caves, uniq_snorg, uniq_maurice
Orc:2:    st_orc_mages, layout_caves
Elf:1:    minmay_elf_arrival_circle, layout_onion_city, mu_enter_wizlab_2,
          minmay_elf_demonology, uniq_asterion
Elf:2:    layout_geoelf_grid, serial_shops, nicolae_shop_trees,
          hangedman_elf_represent
Elf:3:    elf_hall, layout_geoelf_octagon, guppyfry_elf_altar
Vaults:1: nicolae_vaults_border_crossing, hangedman_vaults_slice,
          vaults_room_grid, nicolae_vaults_network_periphery, v_pattern_3,
          ontoclasm_vaults_ring_square, dpeg_vaults_monster_box,
          vaults_mumra_hexcomb, nicolae_vaults_asterisk, v_misc_24, v_misc_25,
          v_misc_13, v_misc_8, layout_vaults_omnicross, serial_shops,
          nicolae_shop_competitors_out_of_business
Vaults:2: hangedman_vaults_snaps, st_eye, nicolae_vaults_alarming,
          nicolae_vaults_what_the_h, vaults_room_mumra_shop_pool,
          ontoclasm_vaults_loading_screen, vaults_room_stairs_pillars,
          layout_vaults_omnigrid, serial_shops, shop
Vaults:3: vaults_standard_mumra_enter_the_diamond,
          minmay_crypt_entry_skeletal_spiral, v_misc_13,
          hangedman_vaults_variations, nicolae_vaults_network_s, v_misc_32,
          nicolae_vaults_little_squares_1, hangedman_vaults_nails, v_pattern_5,
          nicolae_vaults_little_squares_1, nicolae_vaults_little_squares_4,
          layout_vaults_maze_snakey, serial_shops, nicolae_shop_behind_doors
Vaults:4: dpeg_vaults_monster_row, v_misc_26, nicolae_vaults_network_barrier,
          v_pattern_1, ontoclasm_vaults_tryst, vaults_room_fours, serial_ice_h,
          v_misc_10, vaults_room_ringed_pool, vaults_room_hangedman_quadrants,
          layout_vaults_big_room, serial_shops, shop
Vaults:5
Crypt:1:  cheibrodos_crypt_down_in_the_bonehoard, layout_basic, st_stairs_9,
          nicolae_crypt_soggy_tomb, uniq_aizul, uniq_margery, uniq_mennas
Crypt:2:  layout_rooms
Crypt:3:  church_of_pain_bobbens, layout_chaotic_city, tomb_entry_simple_bobbens
Tomb:1
Tomb:2
Tomb:3:   uniq_frederick
Depths:1: layout_cave_shapes, hellmouth_3, minmay_misc_feat_iff, minivault_16,
          nicolae_ashenzari_panopticon, minmay_shop_star
Depths:2: evilmike_diamond_2, layout_small_grid,
          nicolae_abyss_entry_one_way_or_another, dk_noncrumbling_2,
          lightli_too_deep, hangedman_abyss_or_decor_lesser_grid,
          infiniplex_staircase_pool_2
Depths:3: hangedman_spin_cycle, abyss_entry, pan_entry, hell_entry
Depths:4: minmay_the_grid_triangle_9x9_recursive_2_mashed
          [minmay_the_grid_triangle_9x9_prize_center,
          minmay_the_grid_triangle_9x9_steps,
          minmay_the_grid_triangle_9x9_descending_squares,
          minmay_the_grid_triangle_9x9_impossible_snake], layout_gridville,
          rand_demon_pan_entry_8, minmay_misc_feat_five, hell_entry,
          abyss_entry_small_statue_room, minmay_shoptagon, uniq_jory
Depths:5: lemuel_castle_with_subvaults [lemuel_castle_interior_carwin_2],
          layout_basic, grunt_hell_entry_dis_grunt, uniq_xtahua
Hell
Dis:1:    layout_jigsaw, nicolae_dis_strange_trophy_room
Dis:2:    layout_chaotic_city
Dis:3:    layout_subdivisions, door_vault
Dis:4:    layout_chaotic_city, nrook_loot_triangle,
          hangedman_dis_decor_blocks_crown
Dis:5:    layout_jigsaw
Dis:6:    layout_subdivisions
Dis:7:    iron_city_of_dis [dis_grunt, dis_wall_8], layout_chaotic_city,
          nicolae_dis_lava_storage_tank
Geh:1:    layout_gehenna_pools_triple
Geh:2:    layout_gehenna_pools_box
Geh:3:    layout_gehenna_lava_caves
Geh:4:    layout_gehenna_pools_triple, nicolae_geh_fiery_graves
          [nicolae_geh_single_fiery_grave, nicolae_geh_single_fiery_grave,
          nicolae_geh_single_fiery_grave, nicolae_geh_single_fiery_grave,
          nicolae_geh_single_fiery_grave, nicolae_geh_single_fiery_grave,
          nicolae_geh_single_fiery_grave, nicolae_geh_single_fiery_grave,
          nicolae_geh_single_fiery_grave]
Geh:5:    layout_gehenna_pools_box, not_door_vault_due
Geh:6:    layout_gehenna_lava_caves
Geh:7:    geh_grunt
Coc:1:    layout_ice_bergs
Coc:2:    layout_ice_bergs
Coc:3:    layout_ice_bergs
Coc:4:    layout_ice_bergs
Coc:6:    layout_ice_bergs
Coc:7:    coc_mu
Tar:1:    layout_honeycomb, nicolae_tar_cuneiform_three,
          nicolae_tar_cuneiform_to_be
Tar:2:    layout_honeycomb
Tar:3:    layout_honeycomb
Tar:4:    layout_catacombs, nicolae_tar_fractal_crypt
Tar:5:    layout_grid_maze, nicolae_tar_cuneiform_two
Tar:6:    layout_grid_maze, nicolae_tar_cuneiform_bird, grunt_megastairs_1
Tar:7:    tar_grunt_cathedral
Zot:1:    lemuel_firehouse, layout_cathedral_of_symmetry
Zot:2:    circus_mu, layout_twisted_circle, grunt_ministairs_6
Zot:3:    lemuel_draconian_sentries_small, layout_concentric_octagons,
          st_large_dragon_hoard_4
Zot:4:    grunt_twist_and_shout, layout_concentric_octagons
Zot:5:    layout_basic

Skill      XL: |  1  2  3  4  5  6  7  8  9 10 11 12 13 14 15 16 17 18 19 20 21 22 23 24 25 26 27 |
---------------+----------------------------------------------------------------------------------+-----
Dodging        | 1 2 3 4 5 8 9 11 12 22 | 22.1
Maces & Flails | 3 4 5 6 8 10 11 12 13 14 15 16 17 18 19 27 | 27.0
Fighting       | 4 5 7 8 11 12 13 14 15 16 17 18 19 20 21 27 | 27.0
Shields        | 4 5 7 9 11 14 16 27 | 27.0
Armour         | 4 6 7 8 9 11 12 13 14 15 16 17 19 27 | 27.0
Invocations    | 5 7 9 11 13 15 16 18 20 21 27 | 27.0
Evocations     | 5 6 26 | 26.1
Throwing       | 4 23 | 23.8
Earth Magic    | 2 8 12 15 16 27 | 27.0
Transmutations | 1 5 9 10 11 | 11.8
Translocations | 16 | 16.3
Stealth        | 15 | 15.3

Action                   |  1- 3 |  4- 6 |  7- 9 | 10-12 | 13-15 | 16-18 | 19-21 | 22-24 | 25-27 || total
-------------------------+-------+-------+-------+-------+-------+-------+-------+-------+-------++-------
Melee: Flail             |   133 |   282 |   612 |  1291 |    21 |       |       |       |       ||  2339
       Eveningstar       |       |       |       |       |  1401 |  2054 |  1711 |   860 |  1257 ||  7283
       Sacred scourge    |       |       |       |       |       |       |   344 |  1800 | 15377 || 17521
       Demon whip        |       |       |       |       |       |       |       |       |  3535 ||  3535
Throw: Dart              |       |       |       |     1 |     1 |     8 |       |       |       ||    10
       Javelin           |       |       |       |       |       |       |     4 |       |   154 ||   158
 Cast: Wereblood         |       |       |       |       |       |       |       |       |    25 ||    25
       Blink             |       |       |       |       |       |       |       |       |    18 ||    18
       Lesser Beckoning  |       |       |       |       |       |       |       |       |    15 ||    15
       Apportation       |       |       |       |       |       |       |       |       |    11 ||    11
       Lee's Rapid Decon |       |       |       |       |       |       |       |       |     6 ||     6
Invok: Heroism           |       |       |       |     3 |     8 |     5 |     4 |     2 |    64 ||    86
       Finesse           |       |       |       |       |     2 |     2 |     1 |     1 |    30 ||    36
 Abil: Fly               |       |       |       |       |       |     1 |       |       |     8 ||     9
       Stop Flying       |       |       |       |       |       |       |       |       |     8 ||     8
       Evoke Invisibilit |       |       |       |       |       |       |       |       |     2 ||     2
Evoke: Wand              |       |       |     5 |    14 |     1 |     6 |     2 |       |    26 ||    54
       Condenser vane    |       |       |       |       |       |       |       |       |     7 ||     7
       Figurine of a zig |       |       |       |       |       |       |       |       |     1 ||     1
  Use: Scroll            |     8 |     5 |    10 |    17 |    12 |    27 |    14 |    18 |   124 ||   235
       Potion            |       |     2 |     4 |     4 |     4 |    12 |     2 |       |    50 ||    78
 Stab: Paralysed         |       |       |    12 |    13 |       |       |       |       |       ||    25
       Invisible         |       |       |     2 |       |       |     1 |       |       |    32 ||    35
       Sleeping          |       |       |       |     1 |     1 |       |       |       |    24 ||    26
       Petrifying        |       |       |       |       |       |     2 |       |       |       ||     2
       Distracted        |       |       |       |       |       |       |       |       |    24 ||    24
       Confused          |       |       |       |       |       |       |       |       |     2 ||     2
Armor: Scale mail        |    53 |       |       |       |       |       |       |       |       ||    53
       Plate armour      |    50 |   310 |   170 |       |   192 |  1221 |       |       |       ||  1943
       Troll leather arm |       |       |   203 |   422 |    33 |       |       |       |       ||   658
       Acid dragon scale |       |       |       |       |   144 |       |       |       |       ||   144
       Chain mail        |       |       |       |       |   253 |       |       |       |       ||   253
       Storm dragon scal |       |       |       |       |       |   130 |   519 |       |       ||   649
       Crystal plate arm |       |       |       |       |       |       |    94 |  1171 |  4195 ||  5460
       Pearl dragon scal |       |       |       |       |       |       |       |       |   845 ||   845
       Fire dragon scale |       |       |       |       |       |       |       |       |   668 ||   668
Dodge: Dodged            |    40 |    89 |   235 |   465 |   358 |   791 |   447 |   767 |  6217 ||  9409
       Repelled          |       |       |       |       |       |       |       |       |   133 ||   133
Block: Kite shield       |    88 |   217 |   355 |   183 |       |       |       |   518 |  9993 || 11354
       Tower shield      |       |       |       |   768 |  1496 |  2702 |  1665 |  1794 |  5749 || 14174
       Reflection        |       |       |       |       |       |     3 |       |       |       ||     3
